Workbook

Sheet INFO
A1: IMPORTER DETAILS (收货人)
A2: FXI NO: | B2: =ASC('APPLICATION FORM'!B11)
A3: Company Name (公司名) | B3: =ASC('APPLICATION FORM'!B12)
A4: Address (地址) | B4: =ASC('APPLICATION FORM'!B13)
A5: E-mail (电邮) | B5: =ASC('APPLICATION FORM'!B14)
A6: Telephone (国家代号+区域代号+电话号码) | B6: =ASC('APPLICATION FORM'!B15)
A7: Fax (国家代号+区域代号+传真号码) | B7: =ASC('APPLICATION FORM'!B16)
A8: SHIPPER DETAILS (发货人)
A9: Company Name (公司名) | B9: =ASC('APPLICATION FORM'!B20)
A10: Address (地址) | B10: =ASC('APPLICATION FORM'!B21)
A11: E-mail (电邮) | B11: =ASC('APPLICATION FORM'!B22)
A12: Telephone (国家代号+区域代号+电话号码) | B12: =ASC('APPLICATION FORM'!B23)
A13: Fax (国家代号+区域代号+传真号码) | B13: =ASC('APPLICATION FORM'!B24)
A14: B/L INFORMATION (提单信息)
A15: Bill of Lading (提单号) | B15: =ASC('APPLICATION FORM'!B27)
A16: Date of Issue of B/L (提单签发日期) | B16: =IFERROR(Sheet1!B1,"")
A17: Forwarding agent (跟踪单申请人) (公司名) | B17: =ASC('APPLICATION FORM'!B29)
A18: SHIPMENT FULL ROUTING (全程航线)
A19: Country of Loading (启运国) | B19: =IFERROR(Sheet1!B3,"")
A20: Final Destination (最终目的地) | B20: =ASC('APPLICATION FORM'!B33)
B21: POL | C21: 1st TRANSHIP | D21: 2nd TRANSHIP | E21: 3rd TRANSHIP | F21: Destination Port
A22: Ports 装货港/中转港/最终目的港 | B22: =ASC('APPLICATION FORM'!B35) | C22: =ASC('APPLICATION FORM'!C35) | D22: =ASC('APPLICATION FORM'!D35) | E22: =ASC('APPLICATION FORM'!E35) | F22: =IFERROR(Sheet1!B4,"")
A23: ETD Date of Loading (船离港日期) | B23: =IFERROR(Sheet1!B6,"") | C23: =IFERROR(Sheet1!D6,"") | D23: =IFERROR(Sheet1!F6,"") | E23: =IFERROR(Sheet1!H6,"")
A24: ETA Date of Arrival (船抵港日期) | C24: =IFERROR(Sheet1!D7,"") | D24: =IFERROR(Sheet1!F7,"") | E24: =IFERROR(Sheet1!H7,"") | F24: =IFERROR(Sheet1!J7,"")
A25: Shipping Line (船公司名) | B25: =IFERROR(Sheet1!B9,"")
A26: Vessel Name (船名) | B26: =ASC('APPLICATION FORM'!B39) | C26: =ASC('APPLICATION FORM'!C39) | D26: =ASC('APPLICATION FORM'!D39) | E26: =ASC('APPLICATION FORM'!E39)
A27: Voyage number (航次) | B27: =ASC('APPLICATION FORM'!B40) | C27: =ASC('APPLICATION FORM'!C40) | D27: =ASC('APPLICATION FORM'!D40) | E27: =ASC('APPLICATION FORM'!E40)
A28: CONTAINER / BULK DETAILS (货柜/散货资料)
A29: Sea Mode of Transport (海运方式) | B29: =IFERROR(Sheet1!B11,"") -> Conteneur
A30: 20't FCL Quantity (货柜数量 20') | B30: =IF('APPLICATION FORM'!B44="",0,ASC('APPLICATION FORM'!B44)) -> 0
A31: 40't FCL Quantity (货柜数量 40') | B31: =IF('APPLICATION FORM'!B45="",0,ASC('APPLICATION FORM'!B45)) -> 0
A32: Total Gross Weight (kgs) (总毛重) | B32: ='APPLICATION FORM'!B53 -> 0
A33: Total Net Weight (kgs) (总净重) | B33: ='APPLICATION FORM'!B54 -> 0
A34: Total Volume (cbm) (总体积) | B34: ='APPLICATION FORM'!B55 -> 0
A35: CARGO DETAILS (货物资料)
A36: Category / HS code (商品编号) | B36: =IFERROR(Sheet1!D16,"")
A37: Goods Orgin Country (货物原产地) | B37: =IFERROR(Sheet1!B17,"")
A38: IMDG Code(国际危规) | B38: =IFERROR(Sheet1!D18,"") -> 00
A39: Description of the goods (品名) | B39: =ASC('APPLICATION FORM'!B61)
A40: Package Type (包装种类) | B40: =IFERROR(Sheet1!B19,"")
A41: Number of Packages (总件数) | B41: =IF('APPLICATION FORM'!B63="",0,ASC('APPLICATION FORM'!B63)) -> 0
A42: OCC (BIVAC) no. (商检编号) | B42: =ASC('APPLICATION FORM'!B64)
A43: VALUES (价格)
A44: Payment Currency (支付货币) | B44: ='APPLICATION FORM'!B67 -> USD
A45: Incoterm (成交方式) | B45: =IFERROR(Sheet1!B21,"") -> CFR
A46: Freight Payment (运费付款方式) | B46: ='APPLICATION FORM'!B69 -> PREPAID
A47: FOB Value of the goods (货物FOB价) | B47: =IF('APPLICATION FORM'!B70="",0,'APPLICATION FORM'!B70) -> 0
A48: Basic Ocean Freight (海运费) | B48: =IF('APPLICATION FORM'!B71="",0,'APPLICATION FORM'!B71) -> 0
A49: Insurance (保险) | B49: =IF('APPLICATION FORM'!B72="",0,'APPLICATION FORM'!B72) -> 0
A50: Inland Logisitc Fee (内陆运输费) | B50: =IF('APPLICATION FORM'!B73="",0,'APPLICATION FORM'!B73) -> 0
A51: Mt BAF | B51: =IF('APPLICATION FORM'!B74="",0,'APPLICATION FORM'!B74) -> 0
A52: Mt CAF | B52: =IF('APPLICATION FORM'!B75="",0,'APPLICATION FORM'!B75) -> 0
A53: OT/FR/HC Surcharge | B53: =IF('APPLICATION FORM'!B76="",0,'APPLICATION FORM'!B76) -> 0
A54: Surch.A. | B54: =IF('APPLICATION FORM'!B77="",0,'APPLICATION FORM'!B77) -> 0

Sheet INFO2
A1: Container size(货柜尺寸) | B1: Container Type (货柜类型) | C1: Container number(s) 货柜号 | D1: Seal number(s) 封条号 | E1: Gross Weight (kgs) 毛重 | F1: Net Weight (kgs) 净重 | G1: (CBM)体积
A2: =IFERROR(Sheet1!B13,"") | B2: =IFERROR(Sheet1!B14,"") | C2: ='APPLICATION FORM'!B48 -> 0 | D2: ='APPLICATION FORM'!B49 -> 0 | E2: ='APPLICATION FORM'!B50 -> 0 | F2: ='APPLICATION FORM'!B51 -> 0 | G2: ='APPLICATION FORM'!B52 -> 0
A3: =IFERROR(Sheet1!C13,"") | B3: =IFERROR(Sheet1!C14,"") | C3: ='APPLICATION FORM'!C48 -> 0 | D3: ='APPLICATION FORM'!C49 -> 0 | E3: ='APPLICATION FORM'!C50 -> 0 | F3: ='APPLICATION FORM'!C51 -> 0 | G3: ='APPLICATION FORM'!C52 -> 0
A4: =IFERROR(Sheet1!D13,"") | B4: =IFERROR(Sheet1!D14,"") | C4: ='APPLICATION FORM'!D48 -> 0 | D4: ='APPLICATION FORM'!D49 -> 0 | E4: ='APPLICATION FORM'!D50 -> 0 | F4: ='APPLICATION FORM'!D51 -> 0 | G4: ='APPLICATION FORM'!D52 -> 0
A5: =IFERROR(Sheet1!E13,"") | B5: =IFERROR(Sheet1!E14,"") | C5: ='APPLICATION FORM'!E48 -> 0 | D5: ='APPLICATION FORM'!E49 -> 0 | E5: ='APPLICATION FORM'!E50 -> 0 | F5: ='APPLICATION FORM'!E51 -> 0 | G5: ='APPLICATION FORM'!E52 -> 0
A6: =IFERROR(Sheet1!F13,"") | B6: =IFERROR(Sheet1!F14,"") | C6: ='APPLICATION FORM'!F48 -> 0 | D6: ='APPLICATION FORM'!F49 -> 0 | E6: ='APPLICATION FORM'!F50 -> 0 | F6: ='APPLICATION FORM'!F51 -> 0 | G6: ='APPLICATION FORM'!F52 -> 0
A7: =IFERROR(Sheet1!G13,"") | B7: =IFERROR(Sheet1!G14,"") | C7: ='APPLICATION FORM'!G48 -> 0 | D7: ='APPLICATION FORM'!G49 -> 0 | E7: ='APPLICATION FORM'!G50 -> 0 | F7: ='APPLICATION FORM'!G51 -> 0 | G7: ='APPLICATION FORM'!G52 -> 0
A8: =IFERROR(Sheet1!H13,"") | B8: =IFERROR(Sheet1!H14,"") | C8: ='APPLICATION FORM'!H48 -> 0 | D8: ='APPLICATION FORM'!H49 -> 0 | E8: ='APPLICATION FORM'!H50 -> 0 | F8: ='APPLICATION FORM'!H51 -> 0 | G8: ='APPLICATION FORM'!H52 -> 0
A9: =IFERROR(Sheet1!I13,"") | B9: =IFERROR(Sheet1!I14,"") | C9: ='APPLICATION FORM'!I48 -> 0 | D9: ='APPLICATION FORM'!I49 -> 0 | E9: ='APPLICATION FORM'!I50 -> 0 | F9: ='APPLICATION FORM'!I51 -> 0 | G9: ='APPLICATION FORM'!I52 -> 0
A10: =IFERROR(Sheet1!J13,"") | B10: =IFERROR(Sheet1!J14,"") | C10: ='APPLICATION FORM'!J48 -> 0 | D10: ='APPLICATION FORM'!J49 -> 0 | E10: ='APPLICATION FORM'!J50 -> 0 | F10: ='APPLICATION FORM'!J51 -> 0 | G10: ='APPLICATION FORM'!J52 -> 0
A11: =IFERROR(Sheet1!K13,"") | B11: =IFERROR(Sheet1!K14,"") | C11: ='APPLICATION FORM'!K48 -> 0 | D11: ='APPLICATION FORM'!K49 -> 0 | E11: ='APPLICATION FORM'!K50 -> 0 | F11: ='APPLICATION FORM'!K51 -> 0 | G11: ='APPLICATION FORM'!K52 -> 0
A12: =IFERROR(Sheet1!L13,"") | B12: =IFERROR(Sheet1!L14,"") | C12: ='APPLICATION FORM'!L48 -> 0 | D12: ='APPLICATION FORM'!L49 -> 0 | E12: ='APPLICATION FORM'!L50 -> 0 | F12: ='APPLICATION FORM'!L51 -> 0 | G12: ='APPLICATION FORM'!L52 -> 0
A13: =IFERROR(Sheet1!M13,"") | B13: =IFERROR(Sheet1!M14,"") | C13: ='APPLICATION FORM'!M48 -> 0 | D13: ='APPLICATION FORM'!M49 -> 0 | E13: ='APPLICATION FORM'!M50 -> 0 | F13: ='APPLICATION FORM'!M51 -> 0 | G13: ='APPLICATION FORM'!M52 -> 0
A14: =IFERROR(Sheet1!N13,"") | B14: =IFERROR(Sheet1!N14,"") | C14: ='APPLICATION FORM'!N48 -> 0 | D14: ='APPLICATION FORM'!N49 -> 0 | E14: ='APPLICATION FORM'!N50 -> 0 | F14: ='APPLICATION FORM'!N51 -> 0 | G14: ='APPLICATION FORM'!N52 -> 0
A15: =IFERROR(Sheet1!O13,"") | B15: =IFERROR(Sheet1!O14,"") | C15: ='APPLICATION FORM'!O48 -> 0 | D15: ='APPLICATION FORM'!O49 -> 0 | E15: ='APPLICATION FORM'!O50 -> 0 | F15: ='APPLICATION FORM'!O51 -> 0 | G15: ='APPLICATION FORM'!O52 -> 0
A16: =IFERROR(Sheet1!P13,"") | B16: =IFERROR(Sheet1!P14,"") | C16: ='APPLICATION FORM'!P48 -> 0 | D16: ='APPLICATION FORM'!P49 -> 0 | E16: ='APPLICATION FORM'!P50 -> 0 | F16: ='APPLICATION FORM'!P51 -> 0 | G16: ='APPLICATION FORM'!P52 -> 0
A17: =IFERROR(Sheet1!Q13,"") | B17: =IFERROR(Sheet1!Q14,"") | C17: ='APPLICATION FORM'!Q48 -> 0 | D17: ='APPLICATION FORM'!Q49 -> 0 | E17: ='APPLICATION FORM'!Q50 -> 0 | F17: ='APPLICATION FORM'!Q51 -> 0 | G17: ='APPLICATION FORM'!Q52 -> 0
A18: =IFERROR(Sheet1!R13,"") | B18: =IFERROR(Sheet1!R14,"") | C18: ='APPLICATION FORM'!R48 -> 0 | D18: ='APPLICATION FORM'!R49 -> 0 | E18: ='APPLICATION FORM'!R50 -> 0 | F18: ='APPLICATION FORM'!R51 -> 0 | G18: ='APPLICATION FORM'!R52 -> 0
A19: =IFERROR(Sheet1!S13,"") | B19: =IFERROR(Sheet1!S14,"") | C19: ='APPLICATION FORM'!S48 -> 0 | D19: ='APPLICATION FORM'!S49 -> 0 | E19: ='APPLICATION FORM'!S50 -> 0 | F19: ='APPLICATION FORM'!S51 -> 0 | G19: ='APPLICATION FORM'!S52 -> 0
A20: =IFERROR(Sheet1!T13,"") | B20: =IFERROR(Sheet1!T14,"") | C20: ='APPLICATION FORM'!T48 -> 0 | D20: ='APPLICATION FORM'!T49 -> 0 | E20: ='APPLICATION FORM'!T50 -> 0 | F20: ='APPLICATION FORM'!T51 -> 0 | G20: ='APPLICATION FORM'!T52 -> 0
A21: =IFERROR(Sheet1!U13,"") | B21: =IFERROR(Sheet1!U14,"") | C21: ='APPLICATION FORM'!U48 -> 0 | D21: ='APPLICATION FORM'!U49 -> 0 | E21: ='APPLICATION FORM'!U50 -> 0 | F21: ='APPLICATION FORM'!U51 -> 0 | G21: ='APPLICATION FORM'!U52 -> 0
A22: =IFERROR(Sheet1!V13,"") | B22: =IFERROR(Sheet1!V14,"") | C22: ='APPLICATION FORM'!V48 -> 0 | D22: ='APPLICATION FORM'!V49 -> 0 | E22: ='APPLICATION FORM'!V50 -> 0 | F22: ='APPLICATION FORM'!V51 -> 0 | G22: ='APPLICATION FORM'!V52 -> 0
A23: =IFERROR(Sheet1!W13,"") | B23: =IFERROR(Sheet1!W14,"") | C23: ='APPLICATION FORM'!W48 -> 0 | D23: ='APPLICATION FORM'!W49 -> 0 | E23: ='APPLICATION FORM'!W50 -> 0 | F23: ='APPLICATION FORM'!W51 -> 0 | G23: ='APPLICATION FORM'!W52 -> 0
A24: =IFERROR(Sheet1!X13,"") | B24: =IFERROR(Sheet1!X14,"") | C24: ='APPLICATION FORM'!X48 -> 0 | D24: ='APPLICATION FORM'!X49 -> 0 | E24: ='APPLICATION FORM'!X50 -> 0 | F24: ='APPLICATION FORM'!X51 -> 0 | G24: ='APPLICATION FORM'!X52 -> 0
A25: =IFERROR(Sheet1!Y13,"") | B25: =IFERROR(Sheet1!Y14,"") | C25: ='APPLICATION FORM'!Y48 -> 0 | D25: ='APPLICATION FORM'!Y49 -> 0 | E25: ='APPLICATION FORM'!Y50 -> 0 | F25: ='APPLICATION FORM'!Y51 -> 0 | G25: ='APPLICATION FORM'!Y52 -> 0
A26: =IFERROR(Sheet1!Z13,"") | B26: =IFERROR(Sheet1!Z14,"") | C26: ='APPLICATION FORM'!Z48 -> 0 | D26: ='APPLICATION FORM'!Z49 -> 0 | E26: ='APPLICATION FORM'!Z50 -> 0 | F26: ='APPLICATION FORM'!Z51 -> 0 | G26: ='APPLICATION FORM'!Z52 -> 0
A27: =IFERROR(Sheet1!AA13,"") | B27: =IFERROR(Sheet1!AA14,"") | C27: ='APPLICATION FORM'!AA48 -> 0 | D27: ='APPLICATION FORM'!AA49 -> 0 | E27: ='APPLICATION FORM'!AA50 -> 0 | F27: ='APPLICATION FORM'!AA51 -> 0 | G27: ='APPLICATION FORM'!AA52 -> 0
A28: =IFERROR(Sheet1!AB13,"") | B28: =IFERROR(Sheet1!AB14,"") | C28: ='APPLICATION FORM'!AB48 -> 0 | D28: ='APPLICATION FORM'!AB49 -> 0 | E28: ='APPLICATION FORM'!AB50 -> 0 | F28: ='APPLICATION FORM'!AB51 -> 0 | G28: ='APPLICATION FORM'!AB52 -> 0
A29: =IFERROR(Sheet1!AC13,"") | B29: =IFERROR(Sheet1!AC14,"") | C29: ='APPLICATION FORM'!AC48 -> 0 | D29: ='APPLICATION FORM'!AC49 -> 0 | E29: ='APPLICATION FORM'!AC50 -> 0 | F29: ='APPLICATION FORM'!AC51 -> 0 | G29: ='APPLICATION FORM'!AC52 -> 0
A30: =IFERROR(Sheet1!AD13,"") | B30: =IFERROR(Sheet1!AD14,"") | C30: ='APPLICATION FORM'!AD48 -> 0 | D30: ='APPLICATION FORM'!AD49 -> 0 | E30: ='APPLICATION FORM'!AD50 -> 0 | F30: ='APPLICATION FORM'!AD51 -> 0 | G30: ='APPLICATION FORM'!AD52 -> 0
A31: =IFERROR(Sheet1!AE13,"") | B31: =IFERROR(Sheet1!AE14,"") | C31: ='APPLICATION FORM'!AE48 -> 0 | D31: ='APPLICATION FORM'!AE49 -> 0 | E31: ='APPLICATION FORM'!AE50 -> 0 | F31: ='APPLICATION FORM'!AE51 -> 0 | G31: ='APPLICATION FORM'!AE52 -> 0
A32: =IFERROR(Sheet1!AF13,"") | B32: =IFERROR(Sheet1!AF14,"") | C32: ='APPLICATION FORM'!AF48 -> 0 | D32: ='APPLICATION FORM'!AF49 -> 0 | E32: ='APPLICATION FORM'!AF50 -> 0 | F32: ='APPLICATION FORM'!AF51 -> 0 | G32: ='APPLICATION FORM'!AF52 -> 0
A33: =IFERROR(Sheet1!AG13,"") | B33: =IFERROR(Sheet1!AG14,"") | C33: ='APPLICATION FORM'!AG48 -> 0 | D33: ='APPLICATION FORM'!AG49 -> 0 | E33: ='APPLICATION FORM'!AG50 -> 0 | F33: ='APPLICATION FORM'!AG51 -> 0 | G33: ='APPLICATION FORM'!AG52 -> 0
A34: =IFERROR(Sheet1!AH13,"") | B34: =IFERROR(Sheet1!AH14,"") | C34: ='APPLICATION FORM'!AH48 -> 0 | D34: ='APPLICATION FORM'!AH49 -> 0 | E34: ='APPLICATION FORM'!AH50 -> 0 | F34: ='APPLICATION FORM'!AH51 -> 0 | G34: ='APPLICATION FORM'!AH52 -> 0
A35: =IFERROR(Sheet1!AI13,"") | B35: =IFERROR(Sheet1!AI14,"") | C35: ='APPLICATION FORM'!AI48 -> 0 | D35: ='APPLICATION FORM'!AI49 -> 0 | E35: ='APPLICATION FORM'!AI50 -> 0 | F35: ='APPLICATION FORM'!AI51 -> 0 | G35: ='APPLICATION FORM'!AI52 -> 0
A36: =IFERROR(Sheet1!AJ13,"") | B36: =IFERROR(Sheet1!AJ14,"") | C36: ='APPLICATION FORM'!AJ48 -> 0 | D36: ='APPLICATION FORM'!AJ49 -> 0 | E36: ='APPLICATION FORM'!AJ50 -> 0 | F36: ='APPLICATION FORM'!AJ51 -> 0 | G36: ='APPLICATION FORM'!AJ52 -> 0
A37: =IFERROR(Sheet1!AK13,"") | B37: =IFERROR(Sheet1!AK14,"") | C37: ='APPLICATION FORM'!AK48 -> 0 | D37: ='APPLICATION FORM'!AK49 -> 0 | E37: ='APPLICATION FORM'!AK50 -> 0 | F37: ='APPLICATION FORM'!AK51 -> 0 | G37: ='APPLICATION FORM'!AK52 -> 0
A38: =IFERROR(Sheet1!AL13,"") | B38: =IFERROR(Sheet1!AL14,"") | C38: ='APPLICATION FORM'!AL48 -> 0 | D38: ='APPLICATION FORM'!AL49 -> 0 | E38: ='APPLICATION FORM'!AL50 -> 0 | F38: ='APPLICATION FORM'!AL51 -> 0 | G38: ='APPLICATION FORM'!AL52 -> 0
A39: =IFERROR(Sheet1!AM13,"") | B39: =IFERROR(Sheet1!AM14,"") | C39: ='APPLICATION FORM'!AM48 -> 0 | D39: ='APPLICATION FORM'!AM49 -> 0 | E39: ='APPLICATION FORM'!AM50 -> 0 | F39: ='APPLICATION FORM'!AM51 -> 0 | G39: ='APPLICATION FORM'!AM52 -> 0
A40: =IFERROR(Sheet1!AN13,"") | B40: =IFERROR(Sheet1!AN14,"") | C40: ='APPLICATION FORM'!AN48 -> 0 | D40: ='APPLICATION FORM'!AN49 -> 0 | E40: ='APPLICATION FORM'!AN50 -> 0 | F40: ='APPLICATION FORM'!AN51 -> 0 | G40: ='APPLICATION FORM'!AN52 -> 0
A41: =IFERROR(Sheet1!AO13,"") | B41: =IFERROR(Sheet1!AO14,"") | C41: ='APPLICATION FORM'!AO48 -> 0 | D41: ='APPLICATION FORM'!AO49 -> 0 | E41: ='APPLICATION FORM'!AO50 -> 0 | F41: ='APPLICATION FORM'!AO51 -> 0 | G41: ='APPLICATION FORM'!AO52 -> 0
A42: =IFERROR(Sheet1!AP13,"") | B42: =IFERROR(Sheet1!AP14,"") | C42: ='APPLICATION FORM'!AP48 -> 0 | D42: ='APPLICATION FORM'!AP49 -> 0 | E42: ='APPLICATION FORM'!AP50 -> 0 | F42: ='APPLICATION FORM'!AP51 -> 0 | G42: ='APPLICATION FORM'!AP52 -> 0
A43: =IFERROR(Sheet1!AQ13,"") | B43: =IFERROR(Sheet1!AQ14,"") | C43: ='APPLICATION FORM'!AQ48 -> 0 | D43: ='APPLICATION FORM'!AQ49 -> 0 | E43: ='APPLICATION FORM'!AQ50 -> 0 | F43: ='APPLICATION FORM'!AQ51 -> 0 | G43: ='APPLICATION FORM'!AQ52 -> 0
A44: =IFERROR(Sheet1!AR13,"") | B44: =IFERROR(Sheet1!AR14,"") | C44: ='APPLICATION FORM'!AR48 -> 0 | D44: ='APPLICATION FORM'!AR49 -> 0 | E44: ='APPLICATION FORM'!AR50 -> 0 | F44: ='APPLICATION FORM'!AR51 -> 0 | G44: ='APPLICATION FORM'!AR52 -> 0
A45: =IFERROR(Sheet1!AS13,"") | B45: =IFERROR(Sheet1!AS14,"") | C45: ='APPLICATION FORM'!AS48 -> 0 | D45: ='APPLICATION FORM'!AS49 -> 0 | E45: ='APPLICATION FORM'!AS50 -> 0 | F45: ='APPLICATION FORM'!AS51 -> 0 | G45: ='APPLICATION FORM'!AS52 -> 0
A46: =IFERROR(Sheet1!AT13,"") | B46: =IFERROR(Sheet1!AT14,"") | C46: ='APPLICATION FORM'!AT48 -> 0 | D46: ='APPLICATION FORM'!AT49 -> 0 | E46: ='APPLICATION FORM'!AT50 -> 0 | F46: ='APPLICATION FORM'!AT51 -> 0 | G46: ='APPLICATION FORM'!AT52 -> 0
A47: =IFERROR(Sheet1!AU13,"") | B47: =IFERROR(Sheet1!AU14,"") | C47: ='APPLICATION FORM'!AU48 -> 0 | D47: ='APPLICATION FORM'!AU49 -> 0 | E47: ='APPLICATION FORM'!AU50 -> 0 | F47: ='APPLICATION FORM'!AU51 -> 0 | G47: ='APPLICATION FORM'!AU52 -> 0
A48: =IFERROR(Sheet1!AV13,"") | B48: =IFERROR(Sheet1!AV14,"") | C48: ='APPLICATION FORM'!AV48 -> 0 | D48: ='APPLICATION FORM'!AV49 -> 0 | E48: ='APPLICATION FORM'!AV50 -> 0 | F48: ='APPLICATION FORM'!AV51 -> 0 | G48: ='APPLICATION FORM'!AV52 -> 0
A49: =IFERROR(Sheet1!AW13,"") | B49: =IFERROR(Sheet1!AW14,"") | C49: ='APPLICATION FORM'!AW48 -> 0 | D49: ='APPLICATION FORM'!AW49 -> 0 | E49: ='APPLICATION FORM'!AW50 -> 0 | F49: ='APPLICATION FORM'!AW51 -> 0 | G49: ='APPLICATION FORM'!AW52 -> 0
A50: =IFERROR(Sheet1!AX13,"") | B50: =IFERROR(Sheet1!AX14,"") | C50: ='APPLICATION FORM'!AX48 -> 0 | D50: ='APPLICATION FORM'!AX49 -> 0 | E50: ='APPLICATION FORM'!AX50 -> 0 | F50: ='APPLICATION FORM'!AX51 -> 0 | G50: ='APPLICATION FORM'!AX52 -> 0
A51: =IFERROR(Sheet1!AY13,"") | B51: =IFERROR(Sheet1!AY14,"") | C51: ='APPLICATION FORM'!AY48 -> 0 | D51: ='APPLICATION FORM'!AY49 -> 0 | E51: ='APPLICATION FORM'!AY50 -> 0 | F51: ='APPLICATION FORM'!AY51 -> 0 | G51: ='APPLICATION FORM'!AY52 -> 0
A52: =IFERROR(Sheet1!AZ13,"") | B52: =IFERROR(Sheet1!AZ14,"") | C52: ='APPLICATION FORM'!AZ48 -> 0 | D52: ='APPLICATION FORM'!AZ49 -> 0 | E52: ='APPLICATION FORM'!AZ50 -> 0 | F52: ='APPLICATION FORM'!AZ51 -> 0 | G52: ='APPLICATION FORM'!AZ52 -> 0
A53: =IFERROR(Sheet1!BA13,"") | B53: =IFERROR(Sheet1!BA14,"") | C53: ='APPLICATION FORM'!BA48 -> 0 | D53: ='APPLICATION FORM'!BA49 -> 0 | E53: ='APPLICATION FORM'!BA50 -> 0 | F53: ='APPLICATION FORM'!BA51 -> 0 | G53: ='APPLICATION FORM'!BA52 -> 0
A54: =IFERROR(Sheet1!BB13,"") | B54: =IFERROR(Sheet1!BB14,"") | C54: ='APPLICATION FORM'!BB48 -> 0 | D54: ='APPLICATION FORM'!BB49 -> 0 | E54: ='APPLICATION FORM'!BB50 -> 0 | F54: ='APPLICATION FORM'!BB51 -> 0 | G54: ='APPLICATION FORM'!BB52 -> 0
A55: =IFERROR(Sheet1!BC13,"") | B55: =IFERROR(Sheet1!BC14,"") | C55: ='APPLICATION FORM'!BC48 -> 0 | D55: ='APPLICATION FORM'!BC49 -> 0 | E55: ='APPLICATION FORM'!BC50 -> 0 | F55: ='APPLICATION FORM'!BC51 -> 0 | G55: ='APPLICATION FORM'!BC52 -> 0
A56: =IFERROR(Sheet1!BD13,"") | B56: =IFERROR(Sheet1!BD14,"") | C56: ='APPLICATION FORM'!BD48 -> 0 | D56: ='APPLICATION FORM'!BD49 -> 0 | E56: ='APPLICATION FORM'!BD50 -> 0 | F56: ='APPLICATION FORM'!BD51 -> 0 | G56: ='APPLICATION FORM'!BD52 -> 0
A57: =IFERROR(Sheet1!BE13,"") | B57: =IFERROR(Sheet1!BE14,"") | C57: ='APPLICATION FORM'!BE48 -> 0 | D57: ='APPLICATION FORM'!BE49 -> 0 | E57: ='APPLICATION FORM'!BE50 -> 0 | F57: ='APPLICATION FORM'!BE51 -> 0 | G57: ='APPLICATION FORM'!BE52 -> 0
A58: =IFERROR(Sheet1!BF13,"") | B58: =IFERROR(Sheet1!BF14,"") | C58: ='APPLICATION FORM'!BF48 -> 0 | D58: ='APPLICATION FORM'!BF49 -> 0 | E58: ='APPLICATION FORM'!BF50 -> 0 | F58: ='APPLICATION FORM'!BF51 -> 0 | G58: ='APPLICATION FORM'!BF52 -> 0
A59: =IFERROR(Sheet1!BG13,"") | B59: =IFERROR(Sheet1!BG14,"") | C59: ='APPLICATION FORM'!BG48 -> 0 | D59: ='APPLICATION FORM'!BG49 -> 0 | E59: ='APPLICATION FORM'!BG50 -> 0 | F59: ='APPLICATION FORM'!BG51 -> 0 | G59: ='APPLICATION FORM'!BG52 -> 0
A60: =IFERROR(Sheet1!BH13,"") | B60: =IFERROR(Sheet1!BH14,"") | C60: ='APPLICATION FORM'!BH48 -> 0 | D60: ='APPLICATION FORM'!BH49 -> 0 | E60: ='APPLICATION FORM'!BH50 -> 0 | F60: ='APPLICATION FORM'!BH51 -> 0 | G60: ='APPLICATION FORM'!BH52 -> 0
A61: =IFERROR(Sheet1!BI13,"") | B61: =IFERROR(Sheet1!BI14,"") | C61: ='APPLICATION FORM'!BI48 -> 0 | D61: ='APPLICATION FORM'!BI49 -> 0 | E61: ='APPLICATION FORM'!BI50 -> 0 | F61: ='APPLICATION FORM'!BI51 -> 0 | G61: ='APPLICATION FORM'!BI52 -> 0
A62: =IFERROR(Sheet1!BJ13,"") | B62: =IFERROR(Sheet1!BJ14,"") | C62: ='APPLICATION FORM'!BJ48 -> 0 | D62: ='APPLICATION FORM'!BJ49 -> 0 | E62: ='APPLICATION FORM'!BJ50 -> 0 | F62: ='APPLICATION FORM'!BJ51 -> 0 | G62: ='APPLICATION FORM'!BJ52 -> 0
A63: =IFERROR(Sheet1!BK13,"") | B63: =IFERROR(Sheet1!BK14,"") | C63: ='APPLICATION FORM'!BK48 -> 0 | D63: ='APPLICATION FORM'!BK49 -> 0 | E63: ='APPLICATION FORM'!BK50 -> 0 | F63: ='APPLICATION FORM'!BK51 -> 0 | G63: ='APPLICATION FORM'!BK52 -> 0
A64: =IFERROR(Sheet1!BL13,"") | B64: =IFERROR(Sheet1!BL14,"") | C64: ='APPLICATION FORM'!BL48 -> 0 | D64: ='APPLICATION FORM'!BL49 -> 0 | E64: ='APPLICATION FORM'!BL50 -> 0 | F64: ='APPLICATION FORM'!BL51 -> 0 | G64: ='APPLICATION FORM'!BL52 -> 0
A65: =IFERROR(Sheet1!BM13,"") | B65: =IFERROR(Sheet1!BM14,"") | C65: ='APPLICATION FORM'!BM48 -> 0 | D65: ='APPLICATION FORM'!BM49 -> 0 | E65: ='APPLICATION FORM'!BM50 -> 0 | F65: ='APPLICATION FORM'!BM51 -> 0 | G65: ='APPLICATION FORM'!BM52 -> 0
A66: =IFERROR(Sheet1!BN13,"") | B66: =IFERROR(Sheet1!BN14,"") | C66: ='APPLICATION FORM'!BN48 -> 0 | D66: ='APPLICATION FORM'!BN49 -> 0 | E66: ='APPLICATION FORM'!BN50 -> 0 | F66: ='APPLICATION FORM'!BN51 -> 0 | G66: ='APPLICATION FORM'!BN52 -> 0
A67: =IFERROR(Sheet1!BO13,"") | B67: =IFERROR(Sheet1!BO14,"") | C67: ='APPLICATION FORM'!BO48 -> 0 | D67: ='APPLICATION FORM'!BO49 -> 0 | E67: ='APPLICATION FORM'!BO50 -> 0 | F67: ='APPLICATION FORM'!BO51 -> 0 | G67: ='APPLICATION FORM'!BO52 -> 0
A68: =IFERROR(Sheet1!BP13,"") | B68: =IFERROR(Sheet1!BP14,"") | C68: ='APPLICATION FORM'!BP48 -> 0 | D68: ='APPLICATION FORM'!BP49 -> 0 | E68: ='APPLICATION FORM'!BP50 -> 0 | F68: ='APPLICATION FORM'!BP51 -> 0 | G68: ='APPLICATION FORM'!BP52 -> 0
A69: =IFERROR(Sheet1!BQ13,"") | B69: =IFERROR(Sheet1!BQ14,"") | C69: ='APPLICATION FORM'!BQ48 -> 0 | D69: ='APPLICATION FORM'!BQ49 -> 0 | E69: ='APPLICATION FORM'!BQ50 -> 0 | F69: ='APPLICATION FORM'!BQ51 -> 0 | G69: ='APPLICATION FORM'!BQ52 -> 0
A70: =IFERROR(Sheet1!BR13,"") | B70: =IFERROR(Sheet1!BR14,"") | C70: ='APPLICATION FORM'!BR48 -> 0 | D70: ='APPLICATION FORM'!BR49 -> 0 | E70: ='APPLICATION FORM'!BR50 -> 0 | F70: ='APPLICATION FORM'!BR51 -> 0 | G70: ='APPLICATION FORM'!BR52 -> 0
A71: =IFERROR(Sheet1!BS13,"") | B71: =IFERROR(Sheet1!BS14,"") | C71: ='APPLICATION FORM'!BS48 -> 0 | D71: ='APPLICATION FORM'!BS49 -> 0 | E71: ='APPLICATION FORM'!BS50 -> 0 | F71: ='APPLICATION FORM'!BS51 -> 0 | G71: ='APPLICATION FORM'!BS52 -> 0
A72: =IFERROR(Sheet1!BT13,"") | B72: =IFERROR(Sheet1!BT14,"") | C72: ='APPLICATION FORM'!BT48 -> 0 | D72: ='APPLICATION FORM'!BT49 -> 0 | E72: ='APPLICATION FORM'!BT50 -> 0 | F72: ='APPLICATION FORM'!BT51 -> 0 | G72: ='APPLICATION FORM'!BT52 -> 0
A73: =IFERROR(Sheet1!BU13,"") | B73: =IFERROR(Sheet1!BU14,"") | C73: ='APPLICATION FORM'!BU48 -> 0 | D73: ='APPLICATION FORM'!BU49 -> 0 | E73: ='APPLICATION FORM'!BU50 -> 0 | F73: ='APPLICATION FORM'!BU51 -> 0 | G73: ='APPLICATION FORM'!BU52 -> 0
A74: =IFERROR(Sheet1!BV13,"") | B74: =IFERROR(Sheet1!BV14,"") | C74: ='APPLICATION FORM'!BV48 -> 0 | D74: ='APPLICATION FORM'!BV49 -> 0 | E74: ='APPLICATION FORM'!BV50 -> 0 | F74: ='APPLICATION FORM'!BV51 -> 0 | G74: ='APPLICATION FORM'!BV52 -> 0
A75: =IFERROR(Sheet1!BW13,"") | B75: =IFERROR(Sheet1!BW14,"") | C75: ='APPLICATION FORM'!BW48 -> 0 | D75: ='APPLICATION FORM'!BW49 -> 0 | E75: ='APPLICATION FORM'!BW50 -> 0 | F75: ='APPLICATION FORM'!BW51 -> 0 | G75: ='APPLICATION FORM'!BW52 -> 0
A76: =IFERROR(Sheet1!BX13,"") | B76: =IFERROR(Sheet1!BX14,"") | C76: ='APPLICATION FORM'!BX48 -> 0 | D76: ='APPLICATION FORM'!BX49 -> 0 | E76: ='APPLICATION FORM'!BX50 -> 0 | F76: ='APPLICATION FORM'!BX51 -> 0 | G76: ='APPLICATION FORM'!BX52 -> 0
A77: =IFERROR(Sheet1!BY13,"") | B77: =IFERROR(Sheet1!BY14,"") | C77: ='APPLICATION FORM'!BY48 -> 0 | D77: ='APPLICATION FORM'!BY49 -> 0 | E77: ='APPLICATION FORM'!BY50 -> 0 | F77: ='APPLICATION FORM'!BY51 -> 0 | G77: ='APPLICATION FORM'!BY52 -> 0
A78: =IFERROR(Sheet1!BZ13,"") | B78: =IFERROR(Sheet1!BZ14,"") | C78: ='APPLICATION FORM'!BZ48 -> 0 | D78: ='APPLICATION FORM'!BZ49 -> 0 | E78: ='APPLICATION FORM'!BZ50 -> 0 | F78: ='APPLICATION FORM'!BZ51 -> 0 | G78: ='APPLICATION FORM'!BZ52 -> 0
A79: =IFERROR(Sheet1!CA13,"") | B79: =IFERROR(Sheet1!CA14,"") | C79: ='APPLICATION FORM'!CA48 -> 0 | D79: ='APPLICATION FORM'!CA49 -> 0 | E79: ='APPLICATION FORM'!CA50 -> 0 | F79: ='APPLICATION FORM'!CA51 -> 0 | G79: ='APPLICATION FORM'!CA52 -> 0
A80: =IFERROR(Sheet1!CB13,"") | B80: =IFERROR(Sheet1!CB14,"") | C80: ='APPLICATION FORM'!CB48 -> 0 | D80: ='APPLICATION FORM'!CB49 -> 0 | E80: ='APPLICATION FORM'!CB50 -> 0 | F80: ='APPLICATION FORM'!CB51 -> 0 | G80: ='APPLICATION FORM'!CB52 -> 0
A81: =IFERROR(Sheet1!CC13,"") | B81: =IFERROR(Sheet1!CC14,"") | C81: ='APPLICATION FORM'!CC48 -> 0 | D81: ='APPLICATION FORM'!CC49 -> 0 | E81: ='APPLICATION FORM'!CC50 -> 0 | F81: ='APPLICATION FORM'!CC51 -> 0 | G81: ='APPLICATION FORM'!CC52 -> 0
A82: =IFERROR(Sheet1!CD13,"") | B82: =IFERROR(Sheet1!CD14,"") | C82: ='APPLICATION FORM'!CD48 -> 0 | D82: ='APPLICATION FORM'!CD49 -> 0 | E82: ='APPLICATION FORM'!CD50 -> 0 | F82: ='APPLICATION FORM'!CD51 -> 0 | G82: ='APPLICATION FORM'!CD52 -> 0
A83: =IFERROR(Sheet1!CE13,"") | B83: =IFERROR(Sheet1!CE14,"") | C83: ='APPLICATION FORM'!CE48 -> 0 | D83: ='APPLICATION FORM'!CE49 -> 0 | E83: ='APPLICATION FORM'!CE50 -> 0 | F83: ='APPLICATION FORM'!CE51 -> 0 | G83: ='APPLICATION FORM'!CE52 -> 0
A84: =IFERROR(Sheet1!CF13,"") | B84: =IFERROR(Sheet1!CF14,"") | C84: ='APPLICATION FORM'!CF48 -> 0 | D84: ='APPLICATION FORM'!CF49 -> 0 | E84: ='APPLICATION FORM'!CF50 -> 0 | F84: ='APPLICATION FORM'!CF51 -> 0 | G84: ='APPLICATION FORM'!CF52 -> 0
A85: =IFERROR(Sheet1!CG13,"") | B85: =IFERROR(Sheet1!CG14,"") | C85: ='APPLICATION FORM'!CG48 -> 0 | D85: ='APPLICATION FORM'!CG49 -> 0 | E85: ='APPLICATION FORM'!CG50 -> 0 | F85: ='APPLICATION FORM'!CG51 -> 0 | G85: ='APPLICATION FORM'!CG52 -> 0
A86: =IFERROR(Sheet1!CH13,"") | B86: =IFERROR(Sheet1!CH14,"") | C86: ='APPLICATION FORM'!CH48 -> 0 | D86: ='APPLICATION FORM'!CH49 -> 0 | E86: ='APPLICATION FORM'!CH50 -> 0 | F86: ='APPLICATION FORM'!CH51 -> 0 | G86: ='APPLICATION FORM'!CH52 -> 0
A87: =IFERROR(Sheet1!CI13,"") | B87: =IFERROR(Sheet1!CI14,"") | C87: ='APPLICATION FORM'!CI48 -> 0 | D87: ='APPLICATION FORM'!CI49 -> 0 | E87: ='APPLICATION FORM'!CI50 -> 0 | F87: ='APPLICATION FORM'!CI51 -> 0 | G87: ='APPLICATION FORM'!CI52 -> 0
A88: =IFERROR(Sheet1!CJ13,"") | B88: =IFERROR(Sheet1!CJ14,"") | C88: ='APPLICATION FORM'!CJ48 -> 0 | D88: ='APPLICATION FORM'!CJ49 -> 0 | E88: ='APPLICATION FORM'!CJ50 -> 0 | F88: ='APPLICATION FORM'!CJ51 -> 0 | G88: ='APPLICATION FORM'!CJ52 -> 0
A89: =IFERROR(Sheet1!CK13,"") | B89: =IFERROR(Sheet1!CK14,"") | C89: ='APPLICATION FORM'!CK48 -> 0 | D89: ='APPLICATION FORM'!CK49 -> 0 | E89: ='APPLICATION FORM'!CK50 -> 0 | F89: ='APPLICATION FORM'!CK51 -> 0 | G89: ='APPLICATION FORM'!CK52 -> 0
A90: =IFERROR(Sheet1!CL13,"") | B90: =IFERROR(Sheet1!CL14,"") | C90: ='APPLICATION FORM'!CL48 -> 0 | D90: ='APPLICATION FORM'!CL49 -> 0 | E90: ='APPLICATION FORM'!CL50 -> 0 | F90: ='APPLICATION FORM'!CL51 -> 0 | G90: ='APPLICATION FORM'!CL52 -> 0
A91: =IFERROR(Sheet1!CM13,"") | B91: =IFERROR(Sheet1!CM14,"") | C91: ='APPLICATION FORM'!CM48 -> 0 | D91: ='APPLICATION FORM'!CM49 -> 0 | E91: ='APPLICATION FORM'!CM50 -> 0 | F91: ='APPLICATION FORM'!CM51 -> 0 | G91: ='APPLICATION FORM'!CM52 -> 0
A92: =IFERROR(Sheet1!CN13,"") | B92: =IFERROR(Sheet1!CN14,"") | C92: ='APPLICATION FORM'!CN48 -> 0 | D92: ='APPLICATION FORM'!CN49 -> 0 | E92: ='APPLICATION FORM'!CN50 -> 0 | F92: ='APPLICATION FORM'!CN51 -> 0 | G92: ='APPLICATION FORM'!CN52 -> 0
A93: =IFERROR(Sheet1!CO13,"") | B93: =IFERROR(Sheet1!CO14,"") | C93: ='APPLICATION FORM'!CO48 -> 0 | D93: ='APPLICATION FORM'!CO49 -> 0 | E93: ='APPLICATION FORM'!CO50 -> 0 | F93: ='APPLICATION FORM'!CO51 -> 0 | G93: ='APPLICATION FORM'!CO52 -> 0
A94: =IFERROR(Sheet1!CP13,"") | B94: =IFERROR(Sheet1!CP14,"") | C94: ='APPLICATION FORM'!CP48 -> 0 | D94: ='APPLICATION FORM'!CP49 -> 0 | E94: ='APPLICATION FORM'!CP50 -> 0 | F94: ='APPLICATION FORM'!CP51 -> 0 | G94: ='APPLICATION FORM'!CP52 -> 0
A95: =IFERROR(Sheet1!CQ13,"") | B95: =IFERROR(Sheet1!CQ14,"") | C95: ='APPLICATION FORM'!CQ48 -> 0 | D95: ='APPLICATION FORM'!CQ49 -> 0 | E95: ='APPLICATION FORM'!CQ50 -> 0 | F95: ='APPLICATION FORM'!CQ51 -> 0 | G95: ='APPLICATION FORM'!CQ52 -> 0
A96: =IFERROR(Sheet1!CR13,"") | B96: =IFERROR(Sheet1!CR14,"") | C96: ='APPLICATION FORM'!CR48 -> 0 | D96: ='APPLICATION FORM'!CR49 -> 0 | E96: ='APPLICATION FORM'!CR50 -> 0 | F96: ='APPLICATION FORM'!CR51 -> 0 | G96: ='APPLICATION FORM'!CR52 -> 0
A97: =IFERROR(Sheet1!CS13,"") | B97: =IFERROR(Sheet1!CS14,"") | C97: ='APPLICATION FORM'!CS48 -> 0 | D97: ='APPLICATION FORM'!CS49 -> 0 | E97: ='APPLICATION FORM'!CS50 -> 0 | F97: ='APPLICATION FORM'!CS51 -> 0 | G97: ='APPLICATION FORM'!CS52 -> 0
A98: =IFERROR(Sheet1!CT13,"") | B98: =IFERROR(Sheet1!CT14,"") | C98: ='APPLICATION FORM'!CT48 -> 0 | D98: ='APPLICATION FORM'!CT49 -> 0 | E98: ='APPLICATION FORM'!CT50 -> 0 | F98: ='APPLICATION FORM'!CT51 -> 0 | G98: ='APPLICATION FORM'!CT52 -> 0
A99: =IFERROR(Sheet1!CU13,"") | B99: =IFERROR(Sheet1!CU14,"") | C99: ='APPLICATION FORM'!CU48 -> 0 | D99: ='APPLICATION FORM'!CU49 -> 0 | E99: ='APPLICATION FORM'!CU50 -> 0 | F99: ='APPLICATION FORM'!CU51 -> 0 | G99: ='APPLICATION FORM'!CU52 -> 0
A100: =IFERROR(Sheet1!CV13,"") | B100: =IFERROR(Sheet1!CV14,"") | C100: ='APPLICATION FORM'!CV48 -> 0 | D100: ='APPLICATION FORM'!CV49 -> 0 | E100: ='APPLICATION FORM'!CV50 -> 0 | F100: ='APPLICATION FORM'!CV51 -> 0 | G100: ='APPLICATION FORM'!CV52 -> 0
...

Sheet DATA
A2: Afghanistan | B2: 阿富汗 | C2: AFGHANISTAN | D2: 44440 | E2: ABIDJAN | F2: 阿比让 | G2: ASEMSR SA | H2: 20‘ | I2: RoRo | J2: 滚装 | K2: RoRo | L2: Dry | M2: 干货集装箱 | N2: DRY | O2: 000 | P2: ---- | Q2: 00 | R2: N.C. | S2: SAC(S) | T2: 包 | U2: SAC(S) | V2: USD | W2: CIP | X2: PREPAID
A3: Albania | B3: 阿尔巴尼亚 | C3: ALBANIE | D3: 44441 | E3: ANGO-ANGO | F3: 安戈 | G3: ASPMRB TRANSPORT | H3: 40‘ | I3: Container | J3: 货柜 | K3: Conteneur | L3: Reefer | M3: 冷藏集装箱 | N3: REEFER | O3: 0100 | P3: ANIMAUX VIVANTS | Q3: 01 | R3: EXPLOSIFS | S3: CARTON(S) | T3: 包 | U3: CARTON(S) | V3: EUR | W3: CPT | X3: COLLECT
A4: Algeria | B4: 阿尔及利亚 | C4: ALGERIE | D4: 44442 | E4: BANANA | F4: 巴纳纳 | G4: DAMA LOGISTICS | I4: Genco | J4: 建材散货 | K4: Genco | L4: Open Top | M4: 开顶集装箱 | N4: OPEN-TOP | O4: 0101 | P4: CHEVAUX, ÂNES, MULETS ET BARDOTS, VIVANTS | Q4: 02 | R4: GAZ COMPRIMES | S4: PALETTE(S) | T4: 绕线筒 | U4: PALETTE(S) | V4: CDF | W4: CFR | X4: EN SERVICE
A5: American Samoa | B5: 美属萨摩亚 | C5: SAMOA AMERICAINES | D5: 44443 | E5: BEIRA | F5: 贝拉 | G5: FREBA INTERNATIONAL LTD | I5: Bulk | J5: 散货 | K5: Vrac | L5: Flat Rack | M5: 台架式集装箱 | N5: FLAT-RACK | O5: 0102 | P5: ANIMAUX VIVANTS DE L'ESPÈCE BOVINE | Q5: 03 | R5: LIQUIDES INFLAMMABLE | S5: FUT(S) | T5: 瓶 | U5: FUT(S) | V5: ADP | W5: CIF | X5: CP CHARTER PARTY
A6: Andorra | B6: 安道尔 | C6: ANDORRE | D6: 44444 | E6: BOMA | F6: 博马 | G6: JEBIM LOGISTICS | I6: LCL | J6: 拼箱货 | K6: Groupage LCL | L6: Ventilated | M6: 通风集装箱 | N6: VENTILATED | O6: 0103 | P6: ANIMAUX VIVANTS DE L'ESPÈCE PORCINE | Q6: 04 | R6: SOLIDES INFLAMMABLES | S6: CAISSE(S) | T6: 盒 | U6: CAISSE(S) | V6: AED | W6: DAP
A7: Angola | B7: 安哥拉 | C7: ANGOLA | D7: 44445 | E7: BUKAVU | F7: 布卡武 | G7: JY-YHK | L7: High Cube Container | M7: 高柜 | N7: HIGH CUBE PALLETIVE | O7: 0104 | P7: ANIMAUX VIVANTS DES ESPÈCES OVINE OU CAPRINE | Q7: 05 | R7: SUBSTANCES INFLAMMABLES | S7: BALE(S) | T7: 盒 | U7: BALE(S) | V7: AFA | W7: DPU
A8: Anguilla | B8: 安圭拉 | C8: ANGUILLA | D8: 44446 | E8: BUMBA | F8: 本巴 | G8: JY-YHK | L8: High Cube Reefer | M8: 高冻柜 | N8: HIGH CUBE REEFER | O8: 0105 | P8: COQS, POULES, CANARDS, OIES, DINDONS, DINDES ET PI | Q8: 06 | R8: SUB. TOXIQUES / INFECTIVES | S8: ROULEAU(X) | T8: 桶、水桶 | U8: ROULEAU(X) | V8: AFN | W8: DAT
A9: Antarctica | B9: 南极洲 | C9: ANTARCTIQUE | D9: 44447 | E9: BUNIA | F9: 布尼亚 | G9: K & R SERVICES CC | O9: 0106 | P9: ANIMAUX VIVANTS (À L'EXCL. DES ANIMAUX DES ESPÈC | Q9: 07 | R9: MATÃ©RIEL RADIOACTIF | S9: CRETE(S) | T9: 捆 | U9: CRETE(S) | V9: ALL | W9: DDP
A10: Antigua and Barbuda | B10: 安提瓜和巴布达 | C10: ANTIGUA-ET-BARBUDA | D10: 44448 | E10: DAR ES SALAAM | F10: 达累斯萨拉姆 | G10: LUKAASA INVESTMENTS LTD | O10: 0200 | P10: VIANDES ET ABATS COMESTIBLES | Q10: 08 | R10: SUSBSTANCES CORROSIVES | S10: RAME(S) | T10: 纸盒 | U10: RAME(S) | V10: AMD | W10: DDU
A11: Argentina | B11: 阿根廷 | C11: ARGENTINE | D11: 44449 | E11: DURBAN | F11: 德班 | G11: M.O ABDI & SONS LTD | O11: 0201 | P11: VIANDES DES ANIMAUX DE L'ESPÈCE BOVINE, FRAÎCHES | Q11: 09 | R11: SUBSTANCES DIVERSES | S11: COLIS | T11: 盒/箱 | U11: COLIS | V11: ANG | W11: DEQ
A12: Armenia | B12: 亚美尼亚 | C12: ARMENIE | D12: 44450 | E12: GEMENA | F12: 盖梅纳 | G12: MK LINES | O12: 0202 | P12: VIANDES DES ANIMAUX DE L'ESPÈCE BOVINE, CONGELÉE | S12: PAQUETS | T12: 包 | U12: PAQUETS | V12: AOA | W12: DES
A13: Aruba | B13: 阿鲁巴 | C13: ARUBA | D13: 44451 | E13: GOMA | F13: 戈马 | G13: MOVCON | O13: 0203 | P13: VIANDES DES ANIMAUX DE L'ESPÈCE PORCINE, FRAÎCHE | S13: BOTTES | T13: 脊，顶，峰 | U13: BOTTES | V13: AOK | W13: DAF
A14: Australia | B14: 澳大利亚 | C14: AUSTRALIE | D14: 44452 | E14: IKELA | F14: 伊凯拉 | G14: NAGOSA FREIGHT SOLUTIONS LIMITED | O14: 0204 | P14: VIANDES DES ANIMAUX DES ESPÈCES OVINE OU CAPRINE, | S14: PIECE (S) | T14: 桶 | U14: PIECE (S) | V14: AON | W14: EXW
A15: Austria | B15: 奥地利 | C15: AUTRICHE | D15: 44453 | E15: INONGO | F15: 伊农戈 | G15: NATRANS NATAL TRANSPORT | O15: 0205 | P15: VIANDES DES ANIMAUX DES ESPÈCES CHEVALINE, ASINE | S15: VOITURE(S) | T15: 油漆桶 | U15: VOITURE(S) | V15: ARP | W15: FOT
A16: Azerbaijan | B16: 阿塞拜疆 | C16: AZERBAIDJAN | D16: 44454 | E16: ISIRO | F16: 伊西罗 | G16: OCEAN STAR | O16: 0206 | P16: ABATS COMESTIBLES DES ANIMAUX DES ESPÈCES BOVINE, | S16: CAMION(S) | T16: 燃料油罐 | U16: CAMION(S) | V16: ARS | W16: FAS
A17: Bahamas | B17: 巴哈马 | C17: BAHAMAS | D17: 44455 | E17: KALEMIE | F17: 卡莱米 | G17: PANOK INTERNATIONAL (U) LTD | O17: 0207 | P17: VIANDES ET ABATS COMESTIBLES, FRAIS, RÉFRIGÉRÉS | S17: TOUQUE(S) | T17: FUT(S) | U17: TOUQUE(S) | V17: ATS | W17: FCA
A18: Bahrain | B18: 巴林 | C18: BAHREÏN | D18: 44456 | E18: KAMINA | F18: 卡米纳 | G18: PICK TRADING LIMITED | O18: 0208 | P18: VIANDES ET ABATS COMESTIBLES FRAIS, RÉFRIGÉRÉS | S18: CYNLENDRE(S) | T18: 螺杆、 螺栓、 螺柱 | U18: CYNLENDRE(S) | V18: AUD | W18: FOB
A19: Bangladesh | B19: 孟加拉 | C19: BANGLADESH | D19: 44457 | E19: KANANGA | F19: 卡南加 | G19: PNR MARINE TRADING III LLC | O19: 0209 | P19: LARD SANS PARTIES MAIGRES, GRAISSE DE PORC ET GRAI | S19: BOBINE(S) | T19: 铁皮桶 | U19: BOBINE(S) | V19: AWF
A20: Barbados | B20: 巴巴多斯 | C20: BARBADE | D20: 44458 | E20: KIKWIT | F20: 基奎特 | G20: SADIKI B | O20: 0210 | P20: VIANDES ET ABATS COMESTIBLES, SALÉS OU EN SAUMURE | S20: TRACTEUR(S) | T20: (汽)油桶 | U20: TRACTEUR(S) | V20: AWG
A21: Belarus | B21: 白俄罗斯 | C21: BIELORUSSIE | D21: 44459 | E21: KISANGANI | F21: 基桑加尼 | G21: SEABED LTD | O21: 0300 | P21: POISSONS ET CRUSTACES, MOLLUSQUES ET AUTRES INVERT | S21: GOUJONS(S) | T21: 件 | U21: GOUJONS(S) | V21: AZM
A22: Belgium | B22: 比利时 | C22: BELGIQUE | D22: 44460 | E22: KONGOLO | F22: 孔戈洛 | G22: SOFIE INTERNATIONAL SA | O22: 0301 | P22: POISSONS VIVANTS | S22: MALLE(S) | T22: 包 | U22: MALLE(S) | V22: AZN
A23: Belize | B23: 伯利兹 | C23: BELIZE | D23: 44461 | E23: LIBENGE | F23: 利本盖 | G23: T-BULK ITALY | O23: 0302 | P23: POISSONS, COMESTIBLES, FRAIS OU RÉFRIGÉRÉS (À | S23: VALISE(S) | T23: 卷 | U23: VALISE(S) | V23: BAK
A24: Benin | B24: 贝宁 | C24: BENIN | D24: 44462 | E24: LISALA | F24: 利萨拉 | G24: TRON TRANSPORTER | O24: 0303 | P24: POISSONS, COMESTIBLES, CONGELÉS (À L'EXCL. DES F | S24: REMORQUE(S) | T24: 托盘 | U24: REMORQUE(S) | V24: BAM
A25: Bermuda | B25: 百慕大 | C25: BERMUDES | D25: 44463 | E25: LOBITO | F25: 洛比托 | G25: WHITE HORSE CARRIERS | O25: 0304 | P25: FILETS DE POISSONS ET AUTRE CHAIR DE POISSONS (MÊ | S25: BIDON(S) | T25: 片 | U25: BIDON(S) | V25: BBD
A26: Bhutan | B26: 不丹 | C26: BHOUTAN | D26: 44464 | E26: LODJA | F26: 洛贾 | G26: 3L-LEEMARK LOGISTICS LTD | O26: 0305 | P26: POISSONS COMESTIBLES, SÉCHÉS, SALÉS OU EN SAUMU | S26: FEUILLE(S) | T26: 片 | U26: FEUILLE(S) | V26: BDT
A27: bolivia | B27: 玻利维亚 | C27: BOLIVIE | D27: 44465 | E27: LUANDA | F27: 罗安达 | G27: 4G | O27: 0306 | P27: CRUSTACÉS, MÊME DÉCORTIQUÉS, VIVANTS, FRAIS, R | S27: FARDEAUX | T27: 管道 | U27: FARDEAUX | V27: BEC
A28: Bosnia and Herzegovina | B28: 波斯尼亚和黑塞哥维那 | C28: BOSNIE-HERZEGOVINE | D28: 44466 | E28: LUBUMBASHI | F28: 卢本巴希 | G28: 6C TRANSPORT SA | O28: 0307 | P28: MOLLUSQUES, PROPRES À L’ALIMENTATION HUMAINE, M | S28: BOUTEILLE | T28: 滑轮 | U28: BOUTEILLE | V28: BEF
A29: botswana | B29: 博茨瓦纳 | C29: BOTSWANA | D29: 44467 | E29: MAKALA | F29: 马卡拉河 | G29: A & B REPLACEMENTS PARTS LTD | O29: 0308 | P29: INVERTÉBRÉS AQUATIQUES AUTRES QUE LES CRUSTACÉS | S29: JERRYCAN(S) | T29: 令(纸， 500张) | U29: JERRYCAN(S) | V29: BEL
A30: Bouvet Island | B30: 布维岛 | C30: ILE BOUVET | D30: 44468 | E30: MANONO | F30: 马诺诺 | G30: A VAN DER WALT | O30: 0400 | P30: LAIT ET PRODUITS DE LA LAITERIE; OEUFS D'OISEAUX; | S30: LOT | T30: 卷 | U30: LOT | V30: BGL
... A40: Canada | B40: 加拿大 | C40: CANADA | D40: 44478 | E40: PORT ELIZABETH | F40: 伊丽莎白港 | G40: AARRE | O40: 0500 | P40: AUTRES PRODUITS D'ORIGINE ANIMALE, NON DENOMMES NI | S40: TON | T40: 车 | U40: TON | V40: BRL
A41: Cape Verde | B41: 佛得角 | C41: CAP-VERT | D41: 44479 | E41: WALVIS BAY | F41: 鲸湾港 | G41: AATSONS | O41: 0502 | P41: SOIES DE PORC OU DE SANGLIER; POILS DE BLAIREAU ET | S41: GRUMES | U41: GRUMES | V41: BSD
A42: Cayman Islands | B42: 开曼群岛 | C42: ILES CAYMAN | D42: 44480 | E42: NDJILI/KINSHASA | G42: AB GILMANS | O42: 0504 | P42: LISTE DES CODES H POUR BOYAUX, VESSIES ET ESTOMACS | S42: FLEXITANK (S) | U42: FLEXITANK (S) | V42: BTN
A43: Central African Republic | B43: 中非共和国 | C43: REPUBLIQUE CENTRAFRICAINE | D43: 44481 | E43: GOMA | G43: ABAN AIR | O43: 0505 | P43: PEAUX ET AUTRES PARTIES D'OISEAUX REVÊTUES DE LEU | S43: IBC | U43: IBC | V43: BTR
A44: Chad | B44: 乍得 | C44: TCHAD | D44: 44482 | E44: KANOMBE | G44: ABASI TRANSPORTERS | O44: 0506 | P44: OS ET CORNILLONS, BRUTS, DÉGRAISSÉS, SIMPL. PRÉ | S44: BULK | U44: BULK | V44: BUK
A45: Chile | B45: 智利 | C45: CHILI | D45: 44483 | E45: NDJILI/KINSHASA | G45: ABBOTT MACHINE | O45: 0507 | P45: IVOIRE, ÉCAILLE DE TORTUE, FANONS (Y.C. LES BARBE | S45: DRUMS | U45: DRUMS | V45: BWP
A46: China | B46: 中国 | C46: CHINE | D46: 44484 | E46: LUBUMBASHI | G46: ABDALLAH TRANSPORT | O46: 0511 | P46: PRODUITS D'ORIGINE ANIMALE, N.D.A.; ANIMAUX MORTS | V46: BYN
A47: Christmas Island | B47: 圣诞岛 | C47: ILE CHRISTMAS | D47: 44485 | E47: LUANO | G47: ABDIKADIR | O47: 0600 | P47: PLANTES VIVANTES ET PRODUITS DE LA FLORICULTURE | V47: BYR
A48: Cocos Islands | B48: 科科斯群岛 | C48: ILES COCOS | D48: 44486 | E48: KOLWEZI | G48: ABDIKADIR | O48: 0601 | P48: BULBES, OIGNONS, TUBERCULES, RACINES TUBÉREUSES, | V48: BZD
A49: Colombia | B49: 哥伦比亚 | C49: COLOMBIE | D49: 44487 | E49: KIGALI | G49: ABDUL LATIFU BALUKU | O49: 0602 | P49: PLANTES VIVANTES (Y.C. LEURS RACINES), BOUTURES ET | V49: CAD
A50: Comoros | B50: 科摩罗 | C50: COMORES | D50: 44488 | E50: BUKAVU | G50: ABDULATIFU BALUKU SHABAN | O50: 0603 | P50: FLEURS ET BOUTONS DE FLEURS, COUPÉS, POUR BOUQUET | V50: CDF
A51: Congo-Brazzaville | B51: 刚果(布) | C51: REPUBLIQUE DU CONGO | D51: 44489 | E51: ENTEBBE | G51: ABDULATIFU BALUKU SHABAN | O51: 0604 | P51: FEUILLAGES, FEUILLES, RAMEAUX ET AUTRES PARTIES DE | V51: CDZ
A52: Congo-Kinshasa | B52: 刚果(金) | C52: REPUBLIQUE DEMOCRATIQUE DU CONGO | D52: 44490 | E52: NAIROBI | G52: ABDULKADIR ADBIKADAR | O52: 0700 | P52: LEGUMES, PLANTES, RACINES ET TUBERCULES ALIMENTAIR | V52: CHE
A53: Cook Islands | B53: 库克群岛 | C53: ILES COOK | D53: 44491 | E53: KAMEMBE | G53: ABE YIGA | O53: 0701 | P53: POMMES DE TERRE, À L'ÉTAT FRAIS OU RÉFRIGÉRÉ | V53: CHF
A54: Costa Rica | B54: 哥斯达黎加 | C54: COSTA RICA | D54: 44492 | E54: KISANGANI | G54: ABE YIGA | O54: 0703 | P54: OIGNONS, ÉCHALOTES, AULX, POIREAUX ET AUTRES LÉG | V54: CHW
A55: Cote d'Ivoire | B55: 科特迪瓦 | C55: COTE D'IVOIRE | D55: 44493 | E55: DOKO | G55: ABIJODI | O55: 0704 | P55: CHOUX, CHOUX-FLEURS, CHOUX FRISÉS, CHOUX-RAVES ET | V55: CLF
A56: Croatia | B56: 克罗地亚 | C56: CROATIE | D56: 44494 | E56: MAYA-MAYA/ BRAZZAVILLE | G56: ABN LOGISTICS | O56: 0705 | P56: LAITUES LACTUCA SATIVA ET CHICORÉES CICHORIUM SPP | V56: CLP
A57: Cuba | B57: 古巴 | C57: CUBA | D57: 44495 | E57: ADDIS ABEBA (BOLE AIRPORT) | G57: ABOMA HOLDING L | O57: 0706 | P57: CAROTTES, NAVETS, BETTERAVES À SALADE, SALSIFIS, | V57: CNY
... A120: Laos | B120: 老挝 | C120: LAOS | D120: 44558 | E120: DJEN DJEN | G120: AFRIFACE GLOBAL LOGISTICS | O120: 1214 | P120: RUTABAGAS, BETTERAVES FOURRAGÈRES, RACINES FOURRA | V120: KWD
A121: Latvia | B121: 拉脱维亚 | C121: LETTONIE | D121: 44559 | G121: AFRILOG SARL | O121: 1300 | P121: GOMMES, RESINES ET AUTRES SUCS ET EXTRAITS VEGETAU | V121: KYD
A122: Lebanon | B122: 黎巴嫩 | C122: LIBAN | D122: 44560 | G122: AFRIMET | O122: 1301 | P122: GOMME LAQUE; GOMMES, RÉSINES, GOMMES-RÉSINES, BA | V122: KZT
A123: Lesotho | B123: 莱索托 | C123: LESOTHO | D123: 44561 | G123: AFRITEC | O123: 1302 | P123: SUCS ET EXTRAITS VÉGÉTAUX; MATIÈRES PECTIQUES, | V123: LAK
A124: Liberia | B124: 利比里亚 | C124: LIBERIA | D124: 44562 | G124: AFRITRAMP | O124: 1400 | P124: MATIERES A TRESSER ET AUTRES PRODUITS D'ORIGINE VE | V124: LBP
A125: Libya | B125: 利比亚 | C125: LIBYE | D125: 44563 | G125: AFRITRANS SARL0 | O125: 1401 | P125: BAMBOUS, ROTINS, ROSEAUX, JONCS, OSIERS, RAPHIA, P | V125: LKR
A126: Liechtenstein | B126: 列支敦士登 | C126: LIECHTENSTEIN | D126: 44564 | G126: AFRITRUCK | O126: 1404 | P126: PRODUITS VÉGÉTAUX, N.D.A. | V126: LRD
A127: Lithuania | B127: 立陶宛 | C127: LITUANIE | D127: 44565 | G127: AFRO BELGE | O127: 1500 | P127: GRAISSES ET HUILES ANIMALES OU VEGETALES; PRODUITS | V127: LSL
A128: Luxembourg | B128: 卢森堡 | C128: LUXEMBOURG | D128: 44566 | G128: AFRO LTD | O128: 1501 | P128: GRAISSES DE PORC, Y.C. LE SAINDOUX, ET GRAISSES DE | V128: LSM
A129: Macau (China) | B129: 中国澳门 | C129: MACAO | D129: 44567 | G129: AFROLINER | O129: 1502 | P129: GRAISSES DES ANIMAUX DES ESPÈCES BOVINE, OVINE OU | V129: LTL
A130: Macedonia | B130: 马其顿 | C130: MACEDOINE | D130: 44568 | G130: AFROX ZAMBIA LTD | O130: 1503 | P130: STÉARINE SOLAIRE, HUILE DE SAINDOUX, OLÉOSTÉARI | V130: LUF
A131: Madagascar | B131: 马达加斯加 | C131: MADAGASCAR | D131: 44569 | G131: AFT COMPANY LTD | O131: 1504 | P131: GRAISSES ET HUILES ET LEURS FRACTIONS, DE POISSONS | V131: LVL
A132: Malawi | B132: 马拉维 | C132: MALAWI | D132: 44570 | G132: AGAMAR SHIPPING | O132: 1505 | P132: GRAISSE DE SUINT ET SUBSTANCES GRASSES DÉRIVÉES, | V132: LYD
... A248: zimbabwe | B248: 津巴布韦 | C248: ZIMBABWE | D248: 44686 | G248: ANGOLINK COMMERCIAL CC | O248: 2621 | P248: SCORIES ET CENDRES, Y.C. LES CENDRES DE VARECH; CE | V248: XPF
D249: 44687 | G249: ANL AUSTRALIAN | O249: 2700 | P249: COMBUSTIBLES MINERAUX, HUILES MINERALES ET PRODUIT | V249: XPT
D250: 44688 | G250: ANL AUSTRALIAN | O250: 2701 | P250: HOUILLES; BRIQUETTES, BOULETS ET COMBUSTIBLES SOLI | V250: XSU
D251: 44689 | G251: ANOLIDI | O251: 2702 | P251: LIGNITES, MÊME AGGLOMÉRÉS (À L'EXCL. DU JAIS) | V251: YDD
D252: 44690 | G252: ANS CARGO | O252: 2703 | P252: TOURBE, Y.C. LA TOURBE POUR LITIERE, MEME AGGLOMER | V252: YER
D253: 44691 | G253: ANSANA LOGISTICS | O253: 2704 | P253: COKES ET SEMI-COKES DE HOUILLE, DE LIGNITE OU DE T | V253: YUD
D254: 44692 | G254: ANTONIO LORENZO | O254: 2707 | P254: HUILES ET AUTRES PRODUITS PROVENANT DE LA DISTILLA | V254: YUM
D255: 44693 | G255: ANTONIO VETO GAVIAO | O255: 2708 | P255: BRAI ET COKE DE BRAI DE GOUDRON DE HOUILLE OU D'AU | V255: YUN
D256: 44694 | G256: ANTONIO-AGOSTINHO-NETO | O256: 2709 | P256: HUILES BRUTES DE PÉTROLE OU DE MINÉRAUX BITUMINE | V256: ZAL
D257: 44695 | G257: ANVIL MINING CONGO SA | O257: 2710 | P257: HUILES DE PÉTROLE OU DE MINÉRAUX BITUMINEUX (AUT | V257: ZAR
D258: 44696 | G258: ANVIL MINING CONGO SA | O258: 2711 | P258: GAZ DE PÉTROLE ET AUTRES HYDROCARBURES GAZEUX | V258: ZMK
D259: 44697 | G259: ANWARALI & BROTHERS | O259: 2712 | P259: VASELINE; PARAFFINE, CIRE DE PÉTROLE MICROCRISTAL | V259: ZMW
D260: 44698 | G260: AO BAYUSUF & SONS | O260: 2713 | P260: COKE DE PÉTROLE, BITUME DE PÉTROLE ET AUTRES RÉ | V260: ZWD
... D264: 44702 | G264: APG AIRLINES | O264: 2801 | P264: FLUOR, CHLORE, BROME ET IODE | V264: RWS
D265: 44703 | G265: APG AIRLINES | O265: 2802 | P265: SOUFRE, SUBLIME OU PERCIPITE,SOUFRE COLLOIDAL
D266: 44704 | G266: APL | O266: 2804 | P266: HYDROGÈNE, GAZ RARES ET AUTRES ÉLÉMENTS NON MÉ
D267: 44705 | G267: APS LINE CO. LT | O267: 2805 | P267: MÉTAUX ALCALINS OU ALCALINO-TERREUX; MÉTAUX DE T
D268: 44706 | G268: AQUARIUS | O268: 2806 | P268: CHLORURE D'HYDROGÈNE (ACIDE CHLORHYDRIQUE); ACIDE
D269: 44707 | G269: AR JUMA | O269: 2807 | P269: ACIDE SULPHIQUE
D270: 44708 | G270: AR JUMA | O270: 2808 | P270: ACIDE NITRIQUE; ACIDES SULFONITRIQUES
D271: 44709 | G271: ARAMEX | O271: 2809 | P271: PENTAOXYDE DE DIPHOSPHORE; ACIDE PHOSPHORIQUE; ACI
D272: 44710 | G272: ARAN TRANSPOTERS LTD | O272: 2810 | P272: OXYDES DE BORE; ACIDES BORIQUES
D273: 44711 | G273: ARCADIA SHIPPIN | O273: 2811 | P273: ACIDES INORGANIQUES ET COMPOSÉS OXYGÉNÉS INORGA
D274: 44712 | G274: ARCELOR MITTAL | O274: 2812 | P274: HALOGÉNURES ET OXYHALOGÉNURES DES ÉLÉMENTS NON
D275: 44713 | G275: ARCHIPAX | O275: 2813 | P275: SULFURES DES ÉLÉMENTS NON MÉTALLIQUES; TRISULFU
D276: 44714 | G276: AREGASH GENERAL DEALERS LTD | O276: 2814 | P276: AMMONIAC ANHYDRE OU EN SOLUTION AQUEUSE (AMMONIAQU
... D1233: 45671 | G1233: HAMISI NAMAYO | O1233: 9999 | P1233: EFFETS PERSONNELS
D1234: 45672 | G1234: HANAF TRANSPORT
D1235: 45673 | G1235: HANJIN SHIPPING
D1236: 45674 | G1236: HANSA TANKERS
D1237: 45675 | G1237: HANSE FREIGHT
D1238: 45676 | G1238: HANSEATIC PROJEKT
D1239: 45677 | G1239: HANSHI FOOD
D1240: 45678 | G1240: HANSOM ZAMBIA LIMITED
D1241: 45679 | G1241: HANSSY SHIPPING
D1242: 45680 | G1242: HANTAARA
D1243: 45681 | G1243: HANUMAN EARTH MOVERS AND CONSTRUCTION LTD
D1244: 45682 | G1244: HAPAG LIOYD AG
D1245: 45683 | G1245: HAPAG LLOYD
... D1949: 46387 | G1949: MSCOM LIMITED
...

Sheet Sheet1
A1: Date of Issue of B/L (提单签发日期) | B1: =VLOOKUP('APPLICATION FORM'!B28,DATA!$D:$D,1,FALSE) -> #N/A | C1: =IF('APPLICATION FORM'!B28="","",IFERROR(B1,"ERROR(填写错误)"))
A3: Country of Loading (启运国) | B3: =VLOOKUP('APPLICATION FORM'!B32,DATA!A:C,3,FALSE) -> #N/A | D3: =IF('APPLICATION FORM'!B32="","",IFERROR(B3,"ERROR(填写错误)"))
A4: Destination Port | B4: =VLOOKUP('APPLICATION FORM'!F35,DATA!E:E,1,FALSE) -> #N/A | D4: =IF('APPLICATION FORM'!F35="","",IFERROR(B4,"ERROR(填写错误)"))
A6: ETD Date of Loading (船离港日期) | B6: =VLOOKUP('APPLICATION FORM'!B36,DATA!$D:$D,1,FALSE) -> #N/A | C6: =IF('APPLICATION FORM'!B36="","",IFERROR(B6,"ERROR(填写错误)")) | D6: =VLOOKUP('APPLICATION FORM'!C36,DATA!$D:$D,1,FALSE) -> #N/A | E6: =IF('APPLICATION FORM'!C36="","",IFERROR(D6,"ERROR(填写错误)")) | F6: =VLOOKUP('APPLICATION FORM'!D36,DATA!$D:$D,1,FALSE) -> #N/A | G6: =IF('APPLICATION FORM'!D36="","",IFERROR(F6,"ERROR(填写错误)")) | H6: =VLOOKUP('APPLICATION FORM'!E36,DATA!$D:$D,1,FALSE) -> #N/A | I6: =IF('APPLICATION FORM'!E36="","",IFERROR(H6,"ERROR(填写错误)"))
A7: ETA Date of Arrival (船抵港日期) | D7: =VLOOKUP('APPLICATION FORM'!C37,DATA!$D:$D,1,FALSE) -> #N/A | E7: =IF('APPLICATION FORM'!C37="","",IFERROR(D7,"ERROR(填写错误)")) | F7: =VLOOKUP('APPLICATION FORM'!D37,DATA!$D:$D,1,FALSE) -> #N/A | G7: =IF('APPLICATION FORM'!D37="","",IFERROR(F7,"ERROR(填写错误)")) | H7: =VLOOKUP('APPLICATION FORM'!E37,DATA!$D:$D,1,FALSE) -> #N/A | I7: =IF('APPLICATION FORM'!E37="","",IFERROR(H7,"ERROR(填写错误)")) | J7: =VLOOKUP('APPLICATION FORM'!F37,DATA!$D:$D,1,FALSE) -> #N/A | K7: =IF('APPLICATION FORM'!F37="","",IFERROR(J7,"ERROR(填写错误)"))
A9: Shipping Line (船公司名) | B9: =VLOOKUP('APPLICATION FORM'!B38,DATA!G:G,1,FALSE) -> #N/A | D9: =IF('APPLICATION FORM'!B38="","",IFERROR(B9,"ERROR(填写错误)"))
A11: Sea Mode of Transport (海运方式) | B11: =VLOOKUP('APPLICATION FORM'!B43,DATA!I:K,3,FALSE) -> Conteneur | D11: =IF('APPLICATION FORM'!B43="","",IFERROR(B11,"ERROR(填写错误)")) -> Conteneur
A13: Container size (货柜尺寸) | B13: =VLOOKUP('APPLICATION FORM'!B46,DATA!$H:$H,1,FALSE) -> #N/A | C13: =VLOOKUP('APPLICATION FORM'!C46,DATA!$H:$H,1,FALSE) -> #N/A | D13: =VLOOKUP('APPLICATION FORM'!D46,DATA!$H:$H,1,FALSE) -> #N/A | E13: =VLOOKUP('APPLICATION FORM'!E46,DATA!$H:$H,1,FALSE) -> #N/A | F13: =VLOOKUP('APPLICATION FORM'!F46,DATA!$H:$H,1,FALSE) -> #N/A | G13: =VLOOKUP('APPLICATION FORM'!G46,DATA!$H:$H,1,FALSE) -> #N/A | H13: =VLOOKUP('APPLICATION FORM'!H46,DATA!$H:$H,1,FALSE) -> #N/A | I13: =VLOOKUP('APPLICATION FORM'!I46,DATA!$H:$H,1,FALSE) -> #N/A | ... CW13: =VLOOKUP('APPLICATION FORM'!CW46,DATA!$H:$H,1,FALSE) -> #N/A
A14: Container Type (货柜类型) | B14: =VLOOKUP('APPLICATION FORM'!B47,DATA!$L:$N,3,FALSE) -> #N/A | C14: =VLOOKUP('APPLICATION FORM'!C47,DATA!$L:$N,3,FALSE) -> #N/A | D14: =VLOOKUP('APPLICATION FORM'!D47,DATA!$L:$N,3,FALSE) -> #N/A | E14: =VLOOKUP('APPLICATION FORM'!E47,DATA!$L:$N,3,FALSE) -> #N/A | F14: =VLOOKUP('APPLICATION FORM'!F47,DATA!$L:$N,3,FALSE) -> #N/A | G14: =VLOOKUP('APPLICATION FORM'!G47,DATA!$L:$N,3,FALSE) -> #N/A | H14: =VLOOKUP('APPLICATION FORM'!H47,DATA!$L:$N,3,FALSE) -> #N/A | I14: =VLOOKUP('APPLICATION FORM'!I47,DATA!$L:$N,3,FALSE) -> #N/A | ... CW14: =VLOOKUP('APPLICATION FORM'!CW47,DATA!$L:$N,3,FALSE) -> #N/A
A16: HS | B16: =IF('APPLICATION FORM'!B58>0,VLOOKUP('APPLICATION FORM'!B58,DATA!O:P,2,FALSE),"") | D16: =VLOOKUP('APPLICATION FORM'!B58,DATA!O:O,1,FALSE) -> #N/A | E16: =IFERROR(B16,"ERROR(填写错误)")
A17: Country Origin of the goods 货物原产地 | B17: =VLOOKUP('APPLICATION FORM'!B59,DATA!A:C,3,FALSE) -> #N/A | D17: =IF('APPLICATION FORM'!B59="","",IFERROR(B17,"ERROR(填写错误)"))
A18: IMDG Code(国际危规) | B18: =IF('APPLICATION FORM'!B60>0,VLOOKUP('APPLICATION FORM'!B60,DATA!Q:R,2,FALSE),"") -> N.C. | D18: =VLOOKUP('APPLICATION FORM'!B60,DATA!Q:Q,1,FALSE) -> 00 | E18: =IFERROR(B18,"ERROR(填写错误)") -> N.C.
A19: Package Type (包装种类) | B19: =VLOOKUP('APPLICATION FORM'!B62,DATA!S:U,3,FALSE) -> #N/A | D19: =IF('APPLICATION FORM'!B62="","",IFERROR(B19,"ERROR(填写错误)"))
A21: Incoterm (成交方式) | B21: =VLOOKUP('APPLICATION FORM'!B68,DATA!W:W,1,FALSE) -> CFR | D21: =IF('APPLICATION FORM'!B68="","",IFERROR(B21,"ERROR(填写错误)")) -> CFR

Sheet APPLICATION FORM
A2: OGEFREM F.E.R.I. APPLICATION FORM -- DEMOCRATIC REPUBLIC OF CONGO 刚果（金） | H2: 44565
A3: 底色浅绿色为下拉选择，请勿直接填写GREEN BOX ARE SELECTED ONE, PLEASE DO NOT FILL IN.
A4: Document required 所需提供的文件：
A5: 1. Bills of Lading 提单正本
A6: 2. Packing list 装箱单
A7: 3. Invoice 商业发票
A8: Please kindly provide each of the required document for ONLY ONE file.(请提供以上材料各一份。)
A10: IMPORTER DETAILS (收货人)
A11: FXI NO:
A12: Company Name (公司名)
A13: Address (地址)
A14: E-mail (电邮)
A15: Telephone (国家代号+区域代号+电话号码)
... A27: Bill of Lading (提单号)
A28: Date of Issue of B/L (提单签发日期) | G28: Please select (请选择) | I28: =Sheet1!C1
A29: Forwarding agent (跟踪单申请人) (公司名)
A31: SHIPMENT FULL ROUTING (全程航线)
A32: Country of Loading (启运国) | G32: Please select (请选择) | I32: =Sheet1!D3
A33: Final Destination (最终目的地)
A34: Ports 装货港/中转港/最终目的港 | B34: POL | C34: 1st TRANSHIP | D34: 2nd TRANSHIP | E34: 3rd TRANSHIP | F34: Destination Port
G35: Please select (请选择) | I35: =Sheet1!D4
A36: ETD Date of Loading (船离港日期) | I36: =Sheet1!C6 | J36: =Sheet1!E6 | K36: =Sheet1!G6 | L36: =Sheet1!I6
A37: ETA Date of Arrival (船抵港日期) | J37: =Sheet1!E7 | K37: =Sheet1!G7 | L37: =Sheet1!I7 | M37: =Sheet1!K7
A38: Shipping Line (船公司名) | I38: =Sheet1!D9
A39: Vessel Name (船名)
A40: Voyage number (航次) | G40: System length of 14,more than 14 shall not be appear. (限14个字母，超出不显示)
A42: CONTAINER / BULK DETAILS (货柜/散货资料)
A43: Sea Mode of Transport (海运方式) | B43: Container | C43: Please select (请选择) | E43: =Sheet1!D11 -> Conteneur | G43: Please fill in all infromation of container for container goods. (如果是集装箱货物，则货柜资料全部必填。 )
A44: 20't FCL Quantity (货柜数量 20') | C44: Please insert container numbers ONLY NOT CONTAINER SIZE (请填集装箱箱量)
A45: 40't FCL Quantity (货柜数量 40')
A46: Container size (货柜尺寸)
A47: Container Type (货柜类型)
A48: Container number(s) (货柜号)
A49: Seal number(s) (封条号)
A50: Gross Weight Per FCL (kgs) (货柜毛重)
A51: Net Weight Per FCL (kgs) (货柜净重)
A52: Volume (cbm) (货柜体积)
A53: Total Gross Weight (kgs) (总毛重) | C53: Please insert numbers (请输入数字) | E53: If it is BULK GOODS,please ONLY insert for Total infroamtion. (如果是散货，请只填写总栏信息。)
A54: Total Net Weight (kgs) (总净重)
A55: Total Volume (cbm) (总体积)
A57: CARGO DETAILS (货物资料) | E57: Please only insert the first four numbers of HS code.(请填写Hs code前四位。) | K57: If there is more than HS code, you only need to fill in the biggest volume of good's HS code
A58: Category / HS code (商品编号) | C58: Please select (请选择) | E58: =Sheet1!E16
A59: Goods Orgin Country (货物原产地) | G59: Please seclect (请选择) | I59: =Sheet1!D17
A60: IMDG Code(国际危规) | B60: 00 | C60: Please select (请选择) | E60: =Sheet1!E18 -> N.C.
A61: Description of the goods (品名)
A62: Package Type (包装种类) | C62: Please seclect (请选择) | E62: =Sheet1!D19
A63: Number of Packages (总件数) | C63: Please insert numbers(请输入数字)
A64: OCC (BIVAC) no. (商检编号)
B65: **If no inspection made,please insert NO INSPECTION. (如果没有做商检，请写：NO INSPECTION。)
A66: VALUES (价格)
A67: Payment Currency (支付货币) | B67: USD | C67: Please select (请选择)
A68: Incoterm (成交方式) | B68: CFR | D68: =Sheet1!D21 -> CFR
A69: Freight Payment (运费付款方式) | B69: PREPAID
A70: FOB Value of the goods (货物FOB价) | C70: Please insert numbers (请输入数字)
A71: Basic Ocean Freight (海运费) | D71: **Not including inland freight. (不包括内陆运输费)
A72: Insurance (保险)
A73: Inland Logisitc Fee (内陆运输费) | D73: **If there is no surchage,please DO NOT insert. (此附加费如果没有不必填)
A74: Mt BAF
A75: Mt CAF
A76: OT/FR/HC Surcharge
A77: Surch.A.
A79: 备注：以上申请表所填写的内容必须正确无误，跟踪单批复后不可更改。
A80: Remark : All details to be filled-in in this form must be correct, once F.E.R.I. approved, no correction/amendment will be allowed.
A81: The newly compiled form makes the relevant restrictions on the contents and methods of filling in, to the greatest extent close to the filling information and words in the system, if there is an ERROR in the right side of the form to fill in the wrong words, please check the form.
A82: 新编表格对填写内容和方式做了相关限制，最大程度上接近系统中的填写信息和字样，如果在表格右侧出现了ERROR填写错误的字样，烦请检查表格。
A83: The form itself is accompanied by a sample form for your reference.
A84: 表格本身附有样表以供贵司参考。
A86: updated :2021/12/8

Sheet Sample Container 集装箱样表
A2: OGEFREM F.E.R.I. APPLICATION FORM -- DEMOCRATIC REPUBLIC OF CONGO 刚果（金）
A4: Document required 所需提供的文件： | B4: This is ONLY SAMPLE FORM, the figures is all fake one, please make it as your refernce only. 本张表格仅为样表，所有数据均不真实，仅供参考。
A5: 1. Bills of Lading 提单正本
A6: 2. Packing list 装箱单
A7: 3. Invoice 商业发票
A8: Please kindly provide each of the required document for ONLY ONE file.(请提供以上材料各一份。)
A10: IMPORTER DETAILS (收货人)
A11: FXI NO: | B11: Sample FXI0000000000
A12: Company Name (公司名) | B12: Sample Company A
A13: Address (地址) | B13: Sample Address A
A14: E-mail (电邮) | B14: Sample 1@CompanyA.com
A15: Telephone (国家代号+区域代号+电话号码) | B15: +(0)111111111111
A16: Fax (国家代号+区域代号+传真号码) | B16: +(0)222222222222
A17: We are not responsible for any wrong email address given.
A18: 收货人邮电地址必须正确，如填写不对，造成资料外泄至第三者，我们对后果不负责。
A19: SHIPPER DETAILS (发货人)
A20: Company Name (公司名) | B20: Sample Company B
A21: Address (地址) | B21: Address B
A22: E-mail (电邮) | B22: Sample 2@CompanyB.com
A23: Telephone (国家代号+区域代号+电话号码) | B23: +(0)333333333333
A24: Fax (国家代号+区域代号+传真号码) | B24: +(0)444444444444
A26: B/L INFORMATION (提单信息)
A27: Bill of Lading (提单号) | B27: Sample GWDD5555555555
A28: Date of Issue of B/L (提单签发日期) | B28: YEAR/MONTH/DAY | G28: Please select (请选择)
A29: Forwarding agent (跟踪单申请人) (公司名) | B29: FERI requester(company name or person name)
A31: SHIPMENT FULL ROUTING (全程航线)
A32: Country of Loading (启运国) | B32: Sample China | G32: Please select (请选择)
A33: Final Destination (最终目的地) | B33: Sample KINSHASA
A34: Ports 装货港/中转港/最终目的港 | B34: POL | C34: 1st TRANSHIP | D34: 2nd TRANSHIP | E34: 3rd TRANSHIP | F34: Destination Port
B35: Sample SHANGHAI | C35: Sample FUZHOU | F35: Sample MATADI | G35: Please select (请选择)
A36: ETD Date of Loading (船离港日期) | B36: YEAR/MONTH/DAY | C36: YEAR/MONTH/DAY
A37: ETA Date of Arrival (船抵港日期) | C37: YEAR/MONTH/DAY | F37: YEAR/MONTH/DAY
A38: Shipping Line (船公司名) | B38: Sample Shippiing LINE
A39: Vessel Name (船名) | B39: Sample Name01 | C39: Sample Name02
A40: Voyage number (航次) | B40: Sample 01 | C40: Sample 02 | G40: System length of 14,more than 14 shall not be appear. (限14个字母，超出不显示)
A42: CONTAINER / BULK DETAILS (货柜/散货资料)
A43: Sea Mode of Transport (海运方式) | B43: Container | C43: Please select (请选择) | F43: Please fill in all infromation of container for container goods. (如果是集装箱货物，则货柜资料全部必填。 )
A44: 20't FCL Quantity (货柜数量 20') | B44: 5 | C44: Please insert container numbers ONLY (请填集装箱箱量)
A45: 40't FCL Quantity (货柜数量 40') | B45: 1
A46: Container size (货柜尺寸) | B46: 20‘ | C46: 20‘ | D46: 20‘ | E46: 20‘ | F46: 20‘ | G46: 40‘
A47: Container Type (货柜类型) | B47: Dry | C47: Reefer | D47: Open Top | E47: Flat Rack | F47: Ventilated | G47: High Cube Container
A48: Container number(s) (货柜号) | B48: Sample 0001 | C48: Sample 0002 | D48: Sample 0003 | E48: Sample 0004 | F48: Sample 0005 | G48: Sample 0006
A49: Seal number(s) (封条号) | B49: Sample 00001 | C49: Sample 00002 | D49: Sample 00003 | E49: Sample 00004 | F49: Sample 00005 | G49: Sample 00006
A50: Gross Weight Per FCL (kgs) (货柜毛重) | B50: 1000 | C50: 1001 | D50: 1002 | E50: 1003 | F50: 1004 | G50: 2000
A51: Net Weight Per FCL (kgs) (货柜净重) | B51: 900 | C51: 901 | D51: 902 | E51: 903 | F51: 904 | G51: 1800
A52: Volume (cbm) (货柜体积) | B52: 20 | C52: 20 | D52: 20 | E52: 20 | F52: 20 | G52: 40
A53: Total Gross Weight (kgs) (总毛重) | B53: 7010 | C53: Please insert numbers (请输入数字) | E53: If it is BULK GOODS,please ONLY insert for Total infroamtion. (如果是散货，请只填写总栏信息。)
A54: Total Net Weight (kgs) (总净重) | B54: 6310
A55: Total Volume (cbm) (总体积) | B55: 140
A57: CARGO DETAILS (货物资料) | E57: Please only insert the first four numbers of HS code.(请填写Hs code前四位。)
A58: Category / HS code (商品编号) | B58: 0000 | C58: Please select (请选择) | E58: DIVERSES MARCHANDISES
A59: Goods Orgin Country (货物原产地) | B59: Sample China | G59: Please seclect (请选择)
A60: Description of the goods (品名) | B60: Sample Description1,Sample Description2,Sample Description3
A61: Package Type (包装种类) | B61: PACKAGES | C61: Please seclect (请选择)
A62: Number of Packages (总件数) | B62: 1000 | C62: Please insert numbers(请输入数字)
A63: OCC (BIVAC) no. (商检编号) | B63: COD-0000-123456,COD-0000-789012
B64: **If no inspection made,please insert NO INSPECTION. (如果没有做商检，请写：NO INSPECTION。)
A65: VALUES (价格)
A66: Payment Currency (支付货币) | B66: USD | C66: Please select (请选择)
A67: Incoterm (成交方式) | B67: FOB
A68: Freight Payment (运费付款方式) | B68: PREPAID
A69: FOB Value of the goods (货物FOB价) | B69: 10000 | C69: Please insert numbers (请输入数字)
A70: Basic Ocean Freight (海运费) | B70: 500 | D70: **Not including inland freight. (不包括内陆运输费)
A71: Insurance (保险)
A72: Surch.C. (内陆运输费) | D72: **If there is no surchage,please DO NOT insert. (此附加费如果没有不必填)
A73: Mt BAF
A74: Mt CAF
A75: OT/FR/HC Surcharge
A76: Surch.A.
A78: 备注：以上申请表所填写的内容必须正确无误，跟踪单批复后不可更改。
A79: Remark : All details to be filled-in in this form must be correct, once F.E.R.I. approved, no correction/amendment will be allowed.
A80: updated :2019.03.05

Sheet Sample RORO or LCL 滚箱拼箱样表
A2: OGEFREM F.E.R.I. APPLICATION FORM -- DEMOCRATIC REPUBLIC OF CONGO 刚果（金）
A4: Document required 所需提供的文件： | B4: This is ONLY SAMPLE FORM, the figures is all fake one, please make it as your refernce only. 本张表格仅为样表，所有数据均不真实，仅供参考。
A5: 1. Bills of Lading 提单正本
A6: 2. Packing list 装箱单
A7: 3. Invoice 商业发票
A8: Please kindly provide each of the required document for ONLY ONE file.(请提供以上材料各一份。)
A10: IMPORTER DETAILS (收货人)
A11: FXI NO: | B11: Sample FXI0000000000
A12: Company Name (公司名) | B12: Sample Company A
A13: Address (地址) | B13: Sample Address A
A14: E-mail (电邮) | B14: Sample 1@CompanyA.com
A15: Telephone (国家代号+区域代号+电话号码) | B15: +(0)111111111111
A16: Fax (国家代号+区域代号+传真号码) | B16: +(0)222222222222
A17: We are not responsible for any wrong email address given.
A18: 收货人邮电地址必须正确，如填写不对，造成资料外泄至第三者，我们对后果不负责。
A19: SHIPPER DETAILS (发货人)
A20: Company Name (公司名) | B20: Sample Company B
A21: Address (地址) | B21: Address B
A22: E-mail (电邮) | B22: Sample 2@CompanyB.com
A23: Telephone (国家代号+区域代号+电话号码) | B23: +(0)333333333333
A24: Fax (国家代号+区域代号+传真号码) | B24: +(0)444444444444
A26: B/L INFORMATION (提单信息)
A27: Bill of Lading (提单号) | B27: Sample GWDD5555555555
A28: Date of Issue of B/L (提单签发日期) | B28: YEAR/MONTH/DAY | G28: Please select (请选择)
A29: Forwarding agent (跟踪单申请人) (公司名) | B29: FERI requester(company name or person name)
A31: SHIPMENT FULL ROUTING (全程航线)
A32: Country of Loading (启运国) | B32: Sample China | G32: Please select (请选择)
A33: Final Destination (最终目的地) | B33: Sample KINSHASA
A34: Ports 装货港/中转港/最终目的港 | B34: POL | C34: 1st TRANSHIP | D34: 2nd TRANSHIP | E34: 3rd TRANSHIP | F34: Destination Port
B35: Sample SHANGHAI | C35: Sample FUZHOU | F35: Sample MATADI | G35: Please select (请选择)
A36: ETD Date of Loading (船离港日期) | B36: YEAR/MONTH/DAY | C36: YEAR/MONTH/DAY
A37: ETA Date of Arrival (船抵港日期) | C37: YEAR/MONTH/DAY | F37: YEAR/MONTH/DAY
A38: Shipping Line (船公司名) | B38: Sample Shippiing LINE
A39: Vessel Name (船名) | B39: Sample Name01 | C39: Sample Name02
A40: Voyage number (航次) | B40: Sample 01 | C40: Sample 02 | G40: System length of 14,more than 14 shall not be appear. (限14个字母，超出不显示)
A42: CONTAINER / BULK DETAILS (货柜/散货资料)
A43: Sea Mode of Transport (海运方式) | B43: RoRo/LCL | C43: Please select (请选择) | F43: Please fill in all infromation of container for container goods. (如果是集装箱货物，则货柜资料全部必填。 )
A44: 20't FCL Quantity (货柜数量 20') | C44: Please insert container numbers ONLY (请填集装箱箱量)
A45: 40't FCL Quantity (货柜数量 40')
A46: Container size (货柜尺寸)
A47: Container Type (货柜类型)
A48: Container number(s) (货柜号) | B48: Sample 0001
A49: Seal number(s) (封条号)
A50: Gross Weight Per FCL (kgs) (货柜毛重)
A51: Net Weight Per FCL (kgs) (货柜净重)
A52: Volume (cbm) (货柜体积)
A53: Total Gross Weight (kgs) (总毛重) | B53: 7010 | C53: Please insert numbers (请输入数字) | E53: If it is BULK GOODS,please ONLY insert for Total infroamtion. (如果是散货，请只填写总栏信息。)
A54: Total Net Weight (kgs) (总净重) | B54: 6310
A55: Total Volume (cbm) (总体积) | B55: 140
A57: CARGO DETAILS (货物资料) | E57: Please only insert the first four numbers of HS code.(请填写Hs code前四位。)
A58: Category / HS code (商品编号) | B58: 0000 | C58: Please select (请选择) | E58: DIVERSES MARCHANDISES
A59: Goods Orgin Country (货物原产地) | B59: Sample China | G59: Please seclect (请选择)
A60: Description of the goods (品名) | B60: Sample Description1,Sample Description2,Sample Description3
A61: Package Type (包装种类) | B61: PACKAGES | C61: Please seclect (请选择)
A62: Number of Packages (总件数) | B62: 1000 | C62: Please insert numbers(请输入数字)
A63: OCC (BIVAC) no. (商检编号) | B63: COD-0000-123456,COD-0000-789012
B64: **If no inspection made,please insert NO INSPECTION. (如果没有做商检，请写：NO INSPECTION。)
A65: VALUES (价格)
A66: Payment Currency (支付货币) | B66: USD | C66: Please select (请选择)
A67: Incoterm (成交方式) | B67: CRF
A68: Freight Payment (运费付款方式) | B68: PREPAID
A69: FOB Value of the goods (货物FOB价) | B69: 10000 | C69: Please insert numbers (请输入数字)
A70: Basic Ocean Freight (海运费) | B70: 500 | D70: **Not including inland freight. (不包括内陆运输费)
A71: Insurance (保险)
A72: Surch.C. (内陆运输费) | D72: **If there is no surchage,please DO NOT insert. (此附加费如果没有不必填)
A73: Mt BAF
A74: Mt CAF
A75: OT/FR/HC Surcharge
A76: Surch.A.
A78: 备注：以上申请表所填写的内容必须正确无误，跟踪单批复后不可更改。
A79: Remark : All details to be filled-in in this form must be correct, once F.E.R.I. approved, no correction/amendment will be allowed.
A80: updated :2019.03.05

Sheet Sample Bulk or Genco 散货建杂货样表
A2: OGEFREM F.E.R.I. APPLICATION FORM -- DEMOCRATIC REPUBLIC OF CONGO 刚果（金）
A4: Document required 所需提供的文件： | B4: This is ONLY SAMPLE FORM, the figures is all fake one, please make it as your refernce only. 本张表格仅为样表，所有数据均不真实，仅供参考。
A5: 1. Bills of Lading 提单正本
A6: 2. Packing list 装箱单
A7: 3. Invoice 商业发票
A8: Please kindly provide each of the required document for ONLY ONE file.(请提供以上材料各一份。)
A10: IMPORTER DETAILS (收货人)
A11: FXI NO: | B11: Sample FXI0000000000
A12: Company Name (公司名) | B12: Sample Company A
A13: Address (地址) | B13: Sample Address A
A14: E-mail (电邮) | B14: Sample 1@CompanyA.com
A15: Telephone (国家代号+区域代号+电话号码) | B15: +(0)111111111111
A16: Fax (国家代号+区域代号+传真号码) | B16: +(0)222222222222
A17: We are not responsible for any wrong email address given.
A18: 收货人邮电地址必须正确，如填写不对，造成资料外泄至第三者，我们对后果不负责。
A19: SHIPPER DETAILS (发货人)
A20: Company Name (公司名) | B20: Sample Company B
A21: Address (地址) | B21: Address B
A22: E-mail (电邮) | B22: Sample 2@CompanyB.com
A23: Telephone (国家代号+区域代号+电话号码) | B23: +(0)333333333333
A24: Fax (国家代号+区域代号+传真号码) | B24: +(0)444444444444
A26: B/L INFORMATION (提单信息)
A27: Bill of Lading (提单号) | B27: Sample GWDD5555555555
A28: Date of Issue of B/L (提单签发日期) | B28: YEAR/MONTH/DAY | G28: Please select (请选择)
A29: Forwarding agent (跟踪单申请人) (公司名) | B29: FERI requester(company name or person name)
A31: SHIPMENT FULL ROUTING (全程航线)
A32: Country of Loading (启运国) | B32: Sample China | G32: Please select (请选择)
A33: Final Destination (最终目的地) | B33: Sample KINSHASA
A34: Ports 装货港/中转港/最终目的港 | B34: POL | C34: 1st TRANSHIP | D34: 2nd TRANSHIP | E34: 3rd TRANSHIP | F34: Destination Port
B35: Sample SHANGHAI | C35: Sample FUZHOU | F35: Sample MATADI | G35: Please select (请选择)
A36: ETD Date of Loading (船离港日期) | B36: YEAR/MONTH/DAY | C36: YEAR/MONTH/DAY
A37: ETA Date of Arrival (船抵港日期) | C37: YEAR/MONTH/DAY | F37: YEAR/MONTH/DAY
A38: Shipping Line (船公司名) | B38: Sample Shippiing LINE
A39: Vessel Name (船名) | B39: Sample Name01 | C39: Sample Name02
A40: Voyage number (航次) | B40: Sample 01 | C40: Sample 02 | G40: System length of 14,more than 14 shall not be appear. (限14个字母，超出不显示)
A42: CONTAINER / BULK DETAILS (货柜/散货资料)
A43: Sea Mode of Transport (海运方式) | B43: Bulk/Genco | C43: Please select (请选择) | F43: Please fill in all infromation of container for container goods. (如果是集装箱货物，则货柜资料全部必填。 )
A44: 20't FCL Quantity (货柜数量 20') | C44: Please insert container numbers ONLY (请填集装箱箱量)
A45: 40't FCL Quantity (货柜数量 40')
A46: Container size (货柜尺寸)
A47: Container Type (货柜类型)
A48: Container number(s) (货柜号)
A49: Seal number(s) (封条号)
A50: Gross Weight Per FCL (kgs) (货柜毛重)
A51: Net Weight Per FCL (kgs) (货柜净重)
A52: Volume (cbm) (货柜体积)
A53: Total Gross Weight (kgs) (总毛重) | B53: 7010 | C53: Please insert numbers (请输入数字) | E53: If it is BULK GOODS,please ONLY insert for Total infroamtion. (如果是散货，请只填写总栏信息。)
A54: Total Net Weight (kgs) (总净重) | B54: 6310
A55: Total Volume (cbm) (总体积) | B55: 140
A57: CARGO DETAILS (货物资料) | E57: Please only insert the first four numbers of HS code.(请填写Hs code前四位。)
A58: Category / HS code (商品编号) | B58: 0000 | C58: Please select (请选择) | E58: DIVERSES MARCHANDISES
A59: Goods Orgin Country (货物原产地) | B59: Sample China | G59: Please seclect (请选择)
A60: Description of the goods (品名) | B60: Sample Description1,Sample Description2,Sample Description3
A61: Package Type (包装种类) | B61: PACKAGES | C61: Please seclect (请选择)
A62: Number of Packages (总件数) | B62: 1000 | C62: Please insert numbers(请输入数字)
A63: OCC (BIVAC) no. (商检编号) | B63: COD-0000-123456,COD-0000-789012
B64: **If no inspection made,please insert NO INSPECTION. (如果没有做商检，请写：NO INSPECTION。)
A65: VALUES (价格)
A66: Payment Currency (支付货币) | B66: USD | C66: Please select (请选择)
A67: Incoterm (成交方式) | B67: CIP
A68: Freight Payment (运费付款方式) | B68: PREPAID
A69: FOB Value of the goods (货物FOB价) | B69: 10000 | C69: Please insert numbers (请输入数字)
A70: Basic Ocean Freight (海运费) | B70: 500 | D70: **Not including inland freight. (不包括内陆运输费)
A71: Insurance (保险) | B71: 10
A72: Surch.C. (内陆运输费) | D72: **If there is no surchage,please DO NOT insert. (此附加费如果没有不必填)
A73: Mt BAF
A74: Mt CAF
A75: OT/FR/HC Surcharge
A76: Surch.A.
A78: 备注：以上申请表所填写的内容必须正确无误，跟踪单批复后不可更改。
A79: Remark : All details to be filled-in in this form must be correct, once F.E.R.I. approved, no correction/amendment will be allowed.
A80: updated :2019.03.05
